Workbook
Name T9_02: 'Page 1 - General Information'!$K$4996:$K$4998
Name T9_LEA_Name: 'PIMS LEA'!$B$2:$B$756
Name T9_Sch: 'Page 1 - General Information'!$H$4996:$H$5279

Sheet Page 1 - General Information
E4: =" INTERSCHOLASTIC ATHLETIC OPPORTUNITIES DISCLOSURE FORM "&M7 -> INTERSCHOLASTIC ATHLETIC OPPORTUNITIES DISCLOSURE FORM 17.2
E5: 2016 - 2017 School Year
E7: Page 1 - Section 1: General Information | L7: Ver | M7: 17.2
E9: LEA & School Information
E10: LEA Name: | G10: Upper Merion Area SD
E11: LEA Address: | G11: =IF(ISERROR(VLOOKUP(G10,'PIMS LEA'!$B$1:$H$756,4,FALSE)),"",(VLOOKUP(G10,'PIMS LEA'!$B$1:$H$756,4,FALSE))) -> 435 Crossfield Rd King of Prussia, PA 19406
E12: LEA AUN: | G12: =IF(ISERROR(VLOOKUP(G10,'PIMS LEA'!$B$1:$H$756,2,FALSE)),"",(VLOOKUP(G10,'PIMS LEA'!$B$1:$H$756,2,FALSE))) -> 123468402
E14: School Name: | G14: Upper Merion HS
E15: School Address: | G15: =IF(ISERROR(VLOOKUP(G12&G14,'PIMS School'!$D$1:$K$1457,8,FALSE)),"",(VLOOKUP(G12&G14,'PIMS School'!$D$1:$K$1457,8,FALSE))) -> 440 Crossfield Rd King of Prussia, PA 19406
E16: School Number: | G16: =IF(ISERROR(VLOOKUP(G12&G14,'PIMS School'!$D$1:$K$1457,7,FALSE)),"",(VLOOKUP(G12&G14,'PIMS School'!$D$1:$K$1457,7,FALSE))) -> 3395
E18: School Enrollment Data
H20: Grade | J20: Boys | K20: Girls | L20: Total
H21: 7th | J21: =IF(ISERROR(VLOOKUP($G$12&$G$16,'Enrollment Report'!$A$3:$N$1495,3,FALSE)),0,(VLOOKUP($G$12&$G$16,'Enrollment Report'!$A$3:$N$1495,3,FALSE))) -> 0 | K21: =IF(ISERROR(VLOOKUP($G$12&$G$16,'Enrollment Report'!$A$3:$N$1495,2,FALSE)),0,(VLOOKUP($G$12&$G$16,'Enrollment Report'!$A$3:$N$1495,2,FALSE))) -> 0 | L21: =J21+K21 -> 0
H22: 8th | J22: =IF(ISERROR(VLOOKUP($G$12&$G$16,'Enrollment Report'!$A$3:$N$1495,5,FALSE)),0,(VLOOKUP($G$12&$G$16,'Enrollment Report'!$A$3:$N$1495,5,FALSE))) -> 0 | K22: =IF(ISERROR(VLOOKUP($G$12&$G$16,'Enrollment Report'!$A$3:$N$1495,4,FALSE)),0,(VLOOKUP($G$12&$G$16,'Enrollment Report'!$A$3:$N$1495,4,FALSE))) -> 0 | L22: =J22+K22 -> 0
H23: 9th | J23: =IF(ISERROR(VLOOKUP($G$12&$G$16,'Enrollment Report'!$A$3:$N$1495,7,FALSE)),0,(VLOOKUP($G$12&$G$16,'Enrollment Report'!$A$3:$N$1495,7,FALSE))) -> 149 | K23: =IF(ISERROR(VLOOKUP($G$12&$G$16,'Enrollment Report'!$A$3:$N$1495,6,FALSE)),0,(VLOOKUP($G$12&$G$16,'Enrollment Report'!$A$3:$N$1495,6,FALSE))) -> 162 | L23: =J23+K23 -> 311
H24: 10th | J24: =IF(ISERROR(VLOOKUP($G$12&$G$16,'Enrollment Report'!$A$3:$N$1495,9,FALSE)),0,(VLOOKUP($G$12&$G$16,'Enrollment Report'!$A$3:$N$1495,9,FALSE))) -> 141 | K24: =IF(ISERROR(VLOOKUP($G$12&$G$16,'Enrollment Report'!$A$3:$N$1495,8,FALSE)),0,(VLOOKUP($G$12&$G$16,'Enrollment Report'!$A$3:$N$1495,8,FALSE))) -> 153 | L24: =J24+K24 -> 294
H25: 11th | J25: =IF(ISERROR(VLOOKUP($G$12&$G$16,'Enrollment Report'!$A$3:$N$1495,11,FALSE)),0,(VLOOKUP($G$12&$G$16,'Enrollment Report'!$A$3:$N$1495,11,FALSE))) -> 129 | K25: =IF(ISERROR(VLOOKUP($G$12&$G$16,'Enrollment Report'!$A$3:$N$1495,10,FALSE)),0,(VLOOKUP($G$12&$G$16,'Enrollment Report'!$A$3:$N$1495,10,FALSE))) -> 148 | L25: =J25+K25 -> 277
H26: 12th | J26: =IF(ISERROR(VLOOKUP($G$12&$G$16,'Enrollment Report'!$A$3:$N$1495,13,FALSE)),0,(VLOOKUP($G$12&$G$16,'Enrollment Report'!$A$3:$N$1495,13,FALSE))) -> 160 | K26: =IF(ISERROR(VLOOKUP($G$12&$G$16,'Enrollment Report'!$A$3:$N$1495,12,FALSE)),0,(VLOOKUP($G$12&$G$16,'Enrollment Report'!$A$3:$N$1495,12,FALSE))) -> 130 | L26: =J26+K26 -> 290
H27: Total | J27: =SUM(J21:J26) -> 579 | K27: =SUM(K21:K26) -> 593 | L27: =SUM(L21:L26) -> 1172
E29: Contact Information
E30: Name of LEAs Title IX Compliance Officer: | G30: Michelle O'Reilly
E31: Telephone Number: | G31: 610-205-6400 | L31: Extension: | M31: 6428
E32: Email Address: | G32: moreilly@umasd.org
E34: Name of Individual Completing This Form: | G34: Robert Devers
E35: Telephone Number: | G35: 610-205-3980 | L35: Extension:
E36: Email Address: | G36: rdevers@umasd.org
E38: Interscholastic Team Sponsorship
E39: Does This School Sponsor Any Interscholastic Athletic Teams? (Yes or No) | G39: Yes
E40: If Your Answer To The Above Question Is No, Stop! If You Have Athletes Playing For Another School, Please Explain On Page 4. Otherwise, You Do Not Need To Complete The Remainder Of The Survey For This School. Please Submit Per The Instructions Provided.
G4994: T9_Sch & T9_Number | K4994: T9_02
H4996: [Make Selection From Drop-Down List ] | I4996: 0000 | K4996: [Make Selection From Drop-Down List ]
D4997: 1 | G4997: 1 | H4997: =IF(ISERROR(VLOOKUP($G$12&$G4997,'PIMS School'!$C$1:$R$1457,7,FALSE)),"",(VLOOKUP($G$12&$G4997,'PIMS School'!$C$1:$R$1457,7,FALSE))) -> Upper Merion HS | I4997: =IF(ISERROR(VLOOKUP($G$12&$G4997,'PIMS School'!$C$1:$R$1457,8,FALSE)),"",(VLOOKUP($G$12&$G4997,'PIMS School'!$C$1:$R$1457,8,FALSE))) -> 3395 | K4997: Yes
G4998: 2 | H4998: =IF(ISERROR(VLOOKUP($G$12&$G4998,'PIMS School'!$C$1:$R$1457,7,FALSE)),"",(VLOOKUP($G$12&$G4998,'PIMS School'!$C$1:$R$1457,7,FALSE))) -> Upper Merion MS | I4998: =IF(ISERROR(VLOOKUP($G$12&$G4998,'PIMS School'!$C$1:$R$1457,8,FALSE)),"",(VLOOKUP($G$12&$G4998,'PIMS School'!$C$1:$R$1457,8,FALSE))) -> 3394 | K4998: No
G4999: 3 | H4999: =IF(ISERROR(VLOOKUP($G$12&$G4999,'PIMS School'!$C$1:$R$1457,7,FALSE)),"",(VLOOKUP($G$12&$G4999,'PIMS School'!$C$1:$R$1457,7,FALSE))) | I4999: =IF(ISERROR(VLOOKUP($G$12&$G4999,'PIMS School'!$C$1:$R$1457,8,FALSE)),"",(VLOOKUP($G$12&$G4999,'PIMS School'!$C$1:$R$1457,8,FALSE)))
G5000: 4 | H5000: =IF(ISERROR(VLOOKUP($G$12&$G5000,'PIMS School'!$C$1:$R$1457,7,FALSE)),"",(VLOOKUP($G$12&$G5000,'PIMS School'!$C$1:$R$1457,7,FALSE))) | I5000: =IF(ISERROR(VLOOKUP($G$12&$G5000,'PIMS School'!$C$1:$R$1457,8,FALSE)),"",(VLOOKUP($G$12&$G5000,'PIMS School'!$C$1:$R$1457,8,FALSE)))
G5001: 5 | H5001: =IF(ISERROR(VLOOKUP($G$12&$G5001,'PIMS School'!$C$1:$R$1457,7,FALSE)),"",(VLOOKUP($G$12&$G5001,'PIMS School'!$C$1:$R$1457,7,FALSE))) | I5001: =IF(ISERROR(VLOOKUP($G$12&$G5001,'PIMS School'!$C$1:$R$1457,8,FALSE)),"",(VLOOKUP($G$12&$G5001,'PIMS School'!$C$1:$R$1457,8,FALSE)))
G5002: 6 | H5002: =IF(ISERROR(VLOOKUP($G$12&$G5002,'PIMS School'!$C$1:$R$1457,7,FALSE)),"",(VLOOKUP($G$12&$G5002,'PIMS School'!$C$1:$R$1457,7,FALSE))) | I5002: =IF(ISERROR(VLOOKUP($G$12&$G5002,'PIMS School'!$C$1:$R$1457,8,FALSE)),"",(VLOOKUP($G$12&$G5002,'PIMS School'!$C$1:$R$1457,8,FALSE)))
G5003: 7 | H5003: =IF(ISERROR(VLOOKUP($G$12&$G5003,'PIMS School'!$C$1:$R$1457,7,FALSE)),"",(VLOOKUP($G$12&$G5003,'PIMS School'!$C$1:$R$1457,7,FALSE))) | I5003: =IF(ISERROR(VLOOKUP($G$12&$G5003,'PIMS School'!$C$1:$R$1457,8,FALSE)),"",(VLOOKUP($G$12&$G5003,'PIMS School'!$C$1:$R$1457,8,FALSE)))
G5004: 8 | H5004: =IF(ISERROR(VLOOKUP($G$12&$G5004,'PIMS School'!$C$1:$R$1457,7,FALSE)),"",(VLOOKUP($G$12&$G5004,'PIMS School'!$C$1:$R$1457,7,FALSE))) | I5004: =IF(ISERROR(VLOOKUP($G$12&$G5004,'PIMS School'!$C$1:$R$1457,8,FALSE)),"",(VLOOKUP($G$12&$G5004,'PIMS School'!$C$1:$R$1457,8,FALSE)))
G5005: 9 | H5005: =IF(ISERROR(VLOOKUP($G$12&$G5005,'PIMS School'!$C$1:$R$1457,7,FALSE)),"",(VLOOKUP($G$12&$G5005,'PIMS School'!$C$1:$R$1457,7,FALSE))) | I5005: =IF(ISERROR(VLOOKUP($G$12&$G5005,'PIMS School'!$C$1:$R$1457,8,FALSE)),"",(VLOOKUP($G$12&$G5005,'PIMS School'!$C$1:$R$1457,8,FALSE)))
G5006: 10 | H5006: =IF(ISERROR(VLOOKUP($G$12&$G5006,'PIMS School'!$C$1:$R$1457,7,FALSE)),"",(VLOOKUP($G$12&$G5006,'PIMS School'!$C$1:$R$1457,7,FALSE))) | I5006: =IF(ISERROR(VLOOKUP($G$12&$G5006,'PIMS School'!$C$1:$R$1457,8,FALSE)),"",(VLOOKUP($G$12&$G5006,'PIMS School'!$C$1:$R$1457,8,FALSE)))
G5007: 11 | H5007: =IF(ISERROR(VLOOKUP($G$12&$G5007,'PIMS School'!$C$1:$R$1457,7,FALSE)),"",(VLOOKUP($G$12&$G5007,'PIMS School'!$C$1:$R$1457,7,FALSE))) | I5007: =IF(ISERROR(VLOOKUP($G$12&$G5007,'PIMS School'!$C$1:$R$1457,8,FALSE)),"",(VLOOKUP($G$12&$G5007,'PIMS School'!$C$1:$R$1457,8,FALSE)))
G5008: 12 | H5008: =IF(ISERROR(VLOOKUP($G$12&$G5008,'PIMS School'!$C$1:$R$1457,7,FALSE)),"",(VLOOKUP($G$12&$G5008,'PIMS School'!$C$1:$R$1457,7,FALSE))) | I5008: =IF(ISERROR(VLOOKUP($G$12&$G5008,'PIMS School'!$C$1:$R$1457,8,FALSE)),"",(VLOOKUP($G$12&$G5008,'PIMS School'!$C$1:$R$1457,8,FALSE)))
G5009: 13 | H5009: =IF(ISERROR(VLOOKUP($G$12&$G5009,'PIMS School'!$C$1:$R$1457,7,FALSE)),"",(VLOOKUP($G$12&$G5009,'PIMS School'!$C$1:$R$1457,7,FALSE))) | I5009: =IF(ISERROR(VLOOKUP($G$12&$G5009,'PIMS School'!$C$1:$R$1457,8,FALSE)),"",(VLOOKUP($G$12&$G5009,'PIMS School'!$C$1:$R$1457,8,FALSE)))
G5010: 14 | H5010: =IF(ISERROR(VLOOKUP($G$12&$G5010,'PIMS School'!$C$1:$R$1457,7,FALSE)),"",(VLOOKUP($G$12&$G5010,'PIMS School'!$C$1:$R$1457,7,FALSE))) | I5010: =IF(ISERROR(VLOOKUP($G$12&$G5010,'PIMS School'!$C$1:$R$1457,8,FALSE)),"",(VLOOKUP($G$12&$G5010,'PIMS School'!$C$1:$R$1457,8,FALSE)))
... G5279: 283 | H5279: =IF(ISERROR(VLOOKUP($G$12&$G5279,'PIMS School'!$C$1:$R$1457,7,FALSE)),"",(VLOOKUP($G$12&$G5279,'PIMS School'!$C$1:$R$1457,7,FALSE))) | I5279: =IF(ISERROR(VLOOKUP($G$12&$G5279,'PIMS School'!$C$1:$R$1457,8,FALSE)),"",(VLOOKUP($G$12&$G5279,'PIMS School'!$C$1:$R$1457,8,FALSE)))

Sheet Page 2 - Team Information
E4: ='Page 1 - General Information'!E4 -> INTERSCHOLASTIC ATHLETIC OPPORTUNITIES DISCLOSURE FORM 17.2
E5: ='Page 1 - General Information'!E5 -> 2016 - 2017 School Year
G7: =IF('Page 1 - General Information'!G14="[Make Selection From Drop-Down List ]","",("School: "&'Page 1 - General Information'!G14&" - "&'Page 1 - General Information'!G16)) -> School: Upper Merion HS - 3395 | T7: Page 2 - Section 1: Team Information | AI7: =IF('Page 1 - General Information'!G10=" [Make Selection From Drop-Down List ]","",("LEA: "&'Page 1 - General Information'!G10&" - "&'Page 1 - General Information'!G12)) -> LEA: Upper Merion Area SD - 123468402
E9: TEAM MEMBERSHIP | AH9: COACHES & TRAINERS
E10: Sport | G10: Boys/Girls | I10: Level | K10: Total Number of Participants (As Of The Day Of The First Scheduled Team Competition) | O10: Season(s) Team Competes | S10: Team History (Format =YYYY, e.g. 1955) | X10: Total Number of Competitions Scheduled Per Season | AC10: Total Number of Competitions Played Per Season | AH10: NUMBER OF COACHES PER TEAM | AM10: PERCENTAGE OF TIME SPENT BY EACH ATHLETIC TRAINER WITH EACH TEAM
AH11: Head | AJ11: Assistant | AM11: Trainer 1 | AN11: Trainer 2 | AO11: Trainer 3 | AP11: Trainer 4
K12: Boys | L12: Girls | M12: TOTAL | O12: F | P12: W | Q12: S | S12: Year Established 1 | T12: Year of Demotion | U12: Year of Elimination | V12: Year of Reinstatement | X12: F | Y12: W | Z12: S | AA12: Total | AC12: F | AD12: W | AE12: S | AF12: Total | AH12: Full Time | AI12: Part Time | AJ12: Full Time | AK12: Part Time | AM12: =SUM(AM14:AM184) -> 0.66 | AN12: =SUM(AN14:AN184) -> 0.66 | AO12: =SUM(AO14:AO184) -> 0 | AP12: =SUM(AP14:AP184) -> 0
K13: 1 | L13: 2 | M13: 3 | N13: 9 | O13: 5 | P13: 6 | Q13: 7 | R13: 22 | S13: 9 | T13: 10 | U13: 11 | V13: 12 | W13: 27 | X13: 14 | Y13: 15 | Z13: 16 | AA13: 17 | AB13: 32 | AC13: 19 | AD13: 20 | AE13: 21 | AF13: 22 | AG13: 37 | AH13: 24 | AI13: 25 | AJ13: 26 | AK13: 27 | AL13: 42 | AM13: 29 | AN13: 30 | AO13: 31 | AP13: 32
D14: 1 | E14: Baseball | G14: Boys | I14: Varsity | K14: 16 | M14: =SUM(K14:L14) -> 16 | Q14: Yes | S14: 1966 | Z14: 20 | AA14: =SUM(X14:Z14) -> 20 | AE14: 20 | AF14: =SUM(AC14:AE14) -> 20 | AI14: 1 | AK14: 1 | AM14: 0.012 | AN14: 0.012 | AO14: 0 | AP14: 0
D15: 2 | E15: Basketball | G15: Boys | I15: Varsity | K15: 10 | M15: =SUM(K15:L15) -> 10 | P15: Yes | S15: 1966 | Y15: 22 | AA15: =SUM(X15:Z15) -> 22 | AD15: 22 | AF15: =SUM(AC15:AE15) -> 22 | AI15: 1 | AM15: 0.012 | AN15: 0.012 | AO15: 0 | AP15: 0
D16: 3 | E16: Bowling | G16: Boys | I16: Varsity | M16: =SUM(K16:L16) -> 0 | AA16: =SUM(X16:Z16) -> 0 | AF16: =SUM(AC16:AE16) -> 0 | AM16: 0 | AN16: 0 | AO16: 0 | AP16: 0
D17: 4 | E17: Cross Country | G17: Boys | I17: Varsity | K17: 11 | M17: =SUM(K17:L17) -> 11 | O17: Yes | S17: 1966 | X17: 16 | AA17: =SUM(X17:Z17) -> 16 | AC17: 16 | AF17: =SUM(AC17:AE17) -> 16 | AI17: 1 | AM17: 0.01 | AN17: 0.01 | AO17: 0 | AP17: 0
D18: 5 | E18: Football | G18: Boys | I18: Varsity | K18: 29 | M18: =SUM(K18:L18) -> 29 | O18: Yes | S18: 1966 | X18: 11 | AA18: =SUM(X18:Z18) -> 11 | AC18: 11 | AF18: =SUM(AC18:AE18) -> 11 | AI18: 1 | AK18: 2 | AM18: 0.012 | AN18: 0.012 | AO18: 0 | AP18: 0
D19: 6 | E19: Golf | G19: Boys | I19: Varsity | K19: 14 | M19: =SUM(K19:L19) -> 14 | O19: Yes | S19: 1966 | X19: 18 | AA19: =SUM(X19:Z19) -> 18 | AC19: 18 | AF19: =SUM(AC19:AE19) -> 18 | AI19: 1 | AM19: 0.01 | AN19: 0.01 | AO19: 0 | AP19: 0
D20: 7 | E20: Lacrosse | G20: Boys | I20: Varsity | K20: 19 | M20: =SUM(K20:L20) -> 19 | Q20: Yes | S20: 2008 | Z20: 18 | AA20: =SUM(X20:Z20) -> 18 | AE20: 18 | AF20: =SUM(AC20:AE20) -> 18 | AI20: 1 | AK20: 1 | AM20: 0.012 | AN20: 0.012 | AO20: 0 | AP20: 0
D21: 8 | E21: Rifle | G21: Boys | I21: Varsity | K21: 6 | M21: =SUM(K21:L21) -> 6 | Q21: Yes | S21: 1966 | Z21: 12 | AA21: =SUM(X21:Z21) -> 12 | AE21: 12 | AF21: =SUM(AC21:AE21) -> 12 | AI21: 1 | AK21: 1 | AM21: 0.01 | AN21: 0.01 | AO21: 0 | AP21: 0
D22: 9 | E22: Soccer | G22: Boys | I22: Varsity | K22: 19 | M22: =SUM(K22:L22) -> 19 | O22: Yes | S22: 1966 | X22: 18 | AA22: =SUM(X22:Z22) -> 18 | AC22: 18 | AF22: =SUM(AC22:AE22) -> 18 | AI22: 1 | AK22: 1 | AM22: 0.012 | AN22: 0.012 | AO22: 0 | AP22: 0
D23: 10 | E23: Swimming and Diving | G23: Boys | I23: Varsity | K23: 17 | M23: =SUM(K23:L23) -> 17 | P23: Yes | S23: 1966 | Y23: 18 | AA23: =SUM(X23:Z23) -> 18 | AD23: 18 | AF23: =SUM(AC23:AE23) -> 18 | AI23: 1 | AM23: 0.012 | AN23: 0.012 | AO23: 0 | AP23: 0
D24: 11 | E24: Tennis | G24: Boys | I24: Varsity | K24: 15 | M24: =SUM(K24:L24) -> 15 | Q24: Yes | S24: 1966 | Z24: 18 | AA24: =SUM(X24:Z24) -> 18 | AE24: 18 | AF24: =SUM(AC24:AE24) -> 18 | AI24: 1 | AM24: 0.01 | AN24: 0.01 | AO24: 0 | AP24: 0
D25: 12 | E25: Track & Field (Indoor) | G25: Boys | I25: Varsity | K25: 14 | M25: =SUM(K25:L25) -> 14 | P25: Yes | S25: 1966 | Y25: 16 | AA25: =SUM(X25:Z25) -> 16 | AD25: 16 | AF25: =SUM(AC25:AE25) -> 16 | AI25: 1 | AK25: 1 | AM25: 0.012 | AN25: 0.012 | AO25: 0 | AP25: 0
D26: 13 | E26: Track & Field (Outdoor) | G26: Boys | I26: Varsity | K26: 24 | M26: =SUM(K26:L26) -> 24 | Q26: Yes | S26: 1966 | Z26: 16 | AA26: =SUM(X26:Z26) -> 16 | AE26: 16 | AF26: =SUM(AC26:AE26) -> 16 | AI26: 1 | AK26: 1 | AM26: 0.012 | AN26: 0.012 | AO26: 0 | AP26: 0
D27: 14 | E27: Volleyball | G27: Boys | I27: Varsity | M27: =SUM(K27:L27) -> 0 | AA27: =SUM(X27:Z27) -> 0 | AF27: =SUM(AC27:AE27) -> 0 | AM27: 0 | AN27: 0 | AO27: 0 | AP27: 0
D28: 15 | E28: Water Polo | G28: Boys | I28: Varsity | K28: 9 | L28: 6 | M28: =SUM(K28:L28) -> 15 | O28: Yes | S28: 1966 | X28: 22 | AA28: =SUM(X28:Z28) -> 22 | AC28: 22 | AF28: =SUM(AC28:AE28) -> 22 | AI28: 1 | AK28: 1 | AM28: 0.01 | AN28: 0.01 | AO28: 0 | AP28: 0
D29: 16 | E29: Wrestling | G29: Boys | I29: Varsity | K29: 4 | M29: =SUM(K29:L29) -> 4 | P29: Yes | S29: 1966 | Y29: 22 | AA29: =SUM(X29:Z29) -> 22 | AD29: 22 | AF29: =SUM(AC29:AE29) -> 22 | AI29: 1 | AM29: 0.012 | AN29: 0.012 | AO29: 0 | AP29: 0
D30: 17 | E30: Baseball | G30: Boys | I30: Jr Varsity | K30: 15 | M30: =SUM(K30:L30) -> 15 | Q30: Yes | S30: 1966 | Z30: 20 | AA30: =SUM(X30:Z30) -> 20 | AE30: 20 | AF30: =SUM(AC30:AE30) -> 20 | AI30: 1 | AM30: 0.012 | AN30: 0.012 | AO30: 0 | AP30: 0
D31: 18 | E31: Basketball | G31: Boys | I31: Jr Varsity | K31: 9 | M31: =SUM(K31:L31) -> 9 | P31: Yes | S31: 1966 | Y31: 22 | AA31: =SUM(X31:Z31) -> 22 | AD31: 22 | AF31: =SUM(AC31:AE31) -> 22 | AI31: 1 | AM31: 0.012 | AN31: 0.012 | AO31: 0 | AP31: 0
D32: 19 | E32: Bowling | G32: Boys | I32: Jr Varsity | M32: =SUM(K32:L32) -> 0 | AA32: =SUM(X32:Z32) -> 0 | AF32: =SUM(AC32:AE32) -> 0 | AM32: 0 | AN32: 0 | AO32: 0 | AP32: 0
D33: 20 | E33: Cross Country | G33: Boys | I33: Jr Varsity | K33: 11 | M33: =SUM(K33:L33) -> 11 | O33: Yes | S33: 1966 | X33: 16 | AA33: =SUM(X33:Z33) -> 16 | AC33: 16 | AF33: =SUM(AC33:AE33) -> 16 | AI33: 1 | AM33: 0.01 | AN33: 0.01 | AO33: 0 | AP33: 0
D34: 21 | E34: Football | G34: Boys | I34: Jr Varsity | K34: 29 | M34: =SUM(K34:L34) -> 29 | O34: Yes | S34: 1966 | X34: 10 | AA34: =SUM(X34:Z34) -> 10 | AC34: 10 | AF34: =SUM(AC34:AE34) -> 10 | AK34: 2 | AM34: 0.01 | AN34: 0.01 | AO34: 0 | AP34: 0
D35: 22 | E35: Golf | G35: Boys | I35: Jr Varsity | M35: =SUM(K35:L35) -> 0 | AA35: =SUM(X35:Z35) -> 0 | AF35: =SUM(AC35:AE35) -> 0 | AM35: 0 | AN35: 0 | AO35: 0 | AP35: 0
D36: 23 | E36: Lacrosse | G36: Boys | I36: Jr Varsity | K36: 19 | M36: =SUM(K36:L36) -> 19 | Q36: Yes | S36: 2008 | Z36: 18 | AA36: =SUM(X36:Z36) -> 18 | AE36: 18 | AF36: =SUM(AC36:AE36) -> 18 | AI36: 1 | AM36: 0.012 | AN36: 0.012 | AO36: 0 | AP36: 0
D37: 24 | E37: Rifle | G37: Boys | I37: Jr Varsity | K37: 6 | M37: =SUM(K37:L37) -> 6 | Q37: Yes | S37: 1966 | Z37: 12 | AA37: =SUM(X37:Z37) -> 12 | AE37: 12 | AF37: =SUM(AC37:AE37) -> 12 | AI37: 1 | AK37: 1 | AM37: 0.01 | AN37: 0.01 | AO37: 0 | AP37: 0
D38: 25 | E38: Soccer | G38: Boys | I38: Jr Varsity | K38: 19 | M38: =SUM(K38:L38) -> 19 | O38: Yes | S38: 1966 | X38: 18 | AA38: =SUM(X38:Z38) -> 18 | AC38: 18 | AF38: =SUM(AC38:AE38) -> 18 | AI38: 1 | AM38: 0.012 | AN38: 0.012 | AO38: 0 | AP38: 0
D39: 26 | E39: Swimming and Diving | G39: Boys | I39: Jr Varsity | K39: 16 | M39: =SUM(K39:L39) -> 16 | P39: Yes | S39: 1966 | Y39: 18 | AA39: =SUM(X39:Z39) -> 18 | AD39: 18 | AF39: =SUM(AC39:AE39) -> 18 | AI39: 1 | AM39: 0.012 | AN39: 0.012 | AO39: 0 | AP39: 0
D40: 27 | E40: Tennis | G40: Boys | I40: Jr Varsity | K40: 15 | M40: =SUM(K40:L40) -> 15 | Q40: Yes | S40: 1966 | Z40: 18 | AA40: =SUM(X40:Z40) -> 18 | AE40: 18 | AF40: =SUM(AC40:AE40) -> 18 | AI40: 1 | AM40: 0.012 | AN40: 0.012 | AO40: 0 | AP40: 0
D41: 28 | E41: Track & Field (Indoor) | G41: Boys | I41: Jr Varsity | K41: 14 | M41: =SUM(K41:L41) -> 14 | P41: Yes | S41: 1966 | Z41: 16 | AA41: =SUM(X41:Z41) -> 16 | AE41: 16 | AF41: =SUM(AC41:AE41) -> 16 | AI41: 1 | AK41: 1 | AM41: 0.01 | AN41: 0.01 | AO41: 0 | AP41: 0
D42: 29 | E42: Track & Field (Outdoor) | G42: Boys | I42: Jr Varsity | K42: 23 | M42: =SUM(K42:L42) -> 23 | Q42: Yes | S42: 1966 | Z42: 16 | AA42: =SUM(X42:Z42) -> 16 | AE42: 16 | AF42: =SUM(AC42:AE42) -> 16 | AI42: 1 | AK42: 1 | AM42: 0.012 | AN42: 0.012 | AO42: 0 | AP42: 0
D43: 30 | E43: Volleyball | G43: Boys | I43: Jr Varsity | M43: =SUM(K43:L43) -> 0 | AA43: =SUM(X43:Z43) -> 0 | AF43: =SUM(AC43:AE43) -> 0 | AM43: 0 | AN43: 0 | AO43: 0 | AP43: 0
D44: 31 | E44: Water Polo | G44: Boys | I44: Jr Varsity | M44: =SUM(K44:L44) -> 0 | AA44: =SUM(X44:Z44) -> 0 | AF44: =SUM(AC44:AE44) -> 0 | AM44: 0 | AN44: 0 | AO44: 0 | AP44: 0
D45: 32 | E45: Wrestling | G45: Boys | I45: Jr Varsity | K45: 3 | M45: =SUM(K45:L45) -> 3 | P45: Yes | S45: 1966 | Y45: 22 | AA45: =SUM(X45:Z45) -> 22 | AD45: 22 | AF45: =SUM(AC45:AE45) -> 22 | AI45: 1 | AM45: 0.012 | AN45: 0.012 | AO45: 0 | AP45: 0
D46: 33 | E46: Baseball | G46: Boys | I46: Freshman | K46: 14 | M46: =SUM(K46:L46) -> 14 | Q46: Yes | S46: 1966 | Z46: 20 | AA46: =SUM(X46:Z46) -> 20 | AE46: 20 | AF46: =SUM(AC46:AE46) -> 20 | AI46: 1 | AM46: 0.012 | AN46: 0.012 | AO46: 0 | AP46: 0
D47: 34 | E47: Basketball | G47: Boys | I47: Freshman | K47: 15 | M47: =SUM(K47:L47) -> 15 | P47: Yes | S47: 1966 | Y47: 22 | AA47: =SUM(X47:Z47) -> 22 | AD47: 22 | AF47: =SUM(AC47:AE47) -> 22 | AI47: 1 | AM47: 0.012 | AN47: 0.012 | AO47: 0 | AP47: 0
D48: 35 | E48: Bowling | G48: Boys | I48: Freshman | M48: =SUM(K48:L48) -> 0 | AA48: =SUM(X48:Z48) -> 0 | AF48: =SUM(AC48:AE48) -> 0 | AM48: 0 | AN48: 0 | AO48: 0 | AP48: 0
D49: 36 | E49: Cross Country | G49: Boys | I49: Freshman | M49: =SUM(K49:L49) -> 0 | AA49: =SUM(X49:Z49) -> 0 | AF49: =SUM(AC49:AE49) -> 0 | AM49: 0 | AN49: 0 | AO49: 0 | AP49: 0
D50: 37 | E50: Football | G50: Boys | I50: Freshman | K50: 0 | M50: =SUM(K50:L50) -> 0 | S50: 1966 | X50: 10 | AA50: =SUM(X50:Z50) -> 10 | AF50: =SUM(AC50:AE50) -> 0 | AK50: 2 | AM50: 0.012 | AN50: 0.012 | AO50: 0 | AP50: 0
D51: 38 | E51: Golf | G51: Boys | I51: Freshman | M51: =SUM(K51:L51) -> 0 | AA51: =SUM(X51:Z51) -> 0 | AF51: =SUM(AC51:AE51) -> 0 | AM51: 0 | AN51: 0 | AO51: 0 | AP51: 0
D52: 39 | E52: Lacrosse | G52: Boys | I52: Freshman | M52: =SUM(K52:L52) -> 0 | AA52: =SUM(X52:Z52) -> 0 | AF52: =SUM(AC52:AE52) -> 0 | AM52: 0 | AN52: 0 | AO52: 0 | AP52: 0
D53: 40 | E53: Rifle | G53: Boys | I53: Freshman | M53: =SUM(K53:L53) -> 0 | AA53: =SUM(X53:Z53) -> 0 | AF53: =SUM(AC53:AE53) -> 0 | AM53: 0 | AN53: 0 | AO53: 0 | AP53: 0
D54: 41 | E54: Soccer | G54: Boys | I54: Freshman | K54: 15 | M54: =SUM(K54:L54) -> 15 | O54: Yes | S54: 1966 | X54: 18 | AA54: =SUM(X54:Z54) -> 18 | AC54: 18 | AF54: =SUM(AC54:AE54) -> 18 | AI54: 1 | AM54: 0.012 | AN54: 0.012 | AO54: 0 | AP54: 0
D55: 42 | E55: Swimming and Diving | G55: Boys | I55: Freshman | M55: =SUM(K55:L55) -> 0 | AA55: =SUM(X55:Z55) -> 0 | AF55: =SUM(AC55:AE55) -> 0 | AM55: 0 | AN55: 0 | AO55: 0 | AP55: 0
D56: 43 | E56: Tennis | G56: Boys | I56: Freshman | M56: =SUM(K56:L56) -> 0 | AA56: =SUM(X56:Z56) -> 0 | AF56: =SUM(AC56:AE56) -> 0 | AM56: 0 | AN56: 0 | AO56: 0 | AP56: 0
D57: 44 | E57: Track & Field (Indoor) | G57: Boys | I57: Freshman | M57: =SUM(K57:L57) -> 0 | AA57: =SUM(X57:Z57) -> 0 | AF57: =SUM(AC57:AE57) -> 0 | AM57: 0 | AN57: 0 | AO57: 0 | AP57: 0
D58: 45 | E58: Track & Field (Outdoor) | G58: Boys | I58: Freshman | M58: =SUM(K58:L58) -> 0 | AA58: =SUM(X58:Z58) -> 0 | AF58: =SUM(AC58:AE58) -> 0 | AM58: 0 | AN58: 0 | AO58: 0 | AP58: 0
D59: 46 | E59: Volleyball | G59: Boys | I59: Freshman | M59: =SUM(K59:L59) -> 0 | AA59: =SUM(X59:Z59) -> 0 | AF59: =SUM(AC59:AE59) -> 0 | AM59: 0 | AN59: 0 | AO59: 0 | AP59: 0
D60: 47 | E60: Water Polo | G60: Boys | I60: Freshman | M60: =SUM(K60:L60) -> 0 | AA60: =SUM(X60:Z60) -> 0 | AF60: =SUM(AC60:AE60) -> 0 | AM60: 0 | AN60: 0 | AO60: 0 | AP60: 0
D61: 48 | E61: Wrestling | G61: Boys | I61: Freshman | M61: =SUM(K61:L61) -> 0 | AA61: =SUM(X61:Z61) -> 0 | AF61: =SUM(AC61:AE61) -> 0 | AM61: 0 | AN61: 0 | AO61: 0 | AP61: 0
D62: 49 | E62: Baseball | G62: Boys | I62: 8th Grade | M62: =SUM(K62:L62) -> 0 | AA62: =SUM(X62:Z62) -> 0 | AF62: =SUM(AC62:AE62) -> 0 | AM62: 0 | AN62: 0 | AO62: 0 | AP62: 0
D63: 50 | E63: Basketball | G63: Boys | I63: 8th Grade | M63: =SUM(K63:L63) -> 0 | AA63: =SUM(X63:Z63) -> 0 | AF63: =SUM(AC63:AE63) -> 0 | AM63: 0 | AN63: 0 | AO63: 0 | AP63: 0
D64: 51 | E64: Bowling | G64: Boys | I64: 8th Grade | M64: =SUM(K64:L64) -> 0 | AA64: =SUM(X64:Z64) -> 0 | AF64: =SUM(AC64:AE64) -> 0 | AM64: 0 | AN64: 0 | AO64: 0 | AP64: 0
D65: 52 | E65: Cross Country | G65: Boys | I65: 8th Grade | M65: =SUM(K65:L65) -> 0 | AA65: =SUM(X65:Z65) -> 0 | AF65: =SUM(AC65:AE65) -> 0 | AM65: 0 | AN65: 0 | AO65: 0 | AP65: 0
D66: 53 | E66: Football | G66: Boys | I66: 8th Grade | M66: =SUM(K66:L66) -> 0 | AA66: =SUM(X66:Z66) -> 0 | AF66: =SUM(AC66:AE66) -> 0 | AM66: 0 | AN66: 0 | AO66: 0 | AP66: 0
... D93: 80 | E93: Wrestling | G93: Boys | I93: 7th Grade | M93: =SUM(K93:L93) -> 0 | AA93: =SUM(X93:Z93) -> 0 | AF93: =SUM(AC93:AE93) -> 0 | AM93: 0 | AN93: 0 | AO93: 0 | AP93: 0
D94: 81 | E94: Basketball | G94: Girls | I94: Varsity | L94: 13 | M94: =SUM(K94:L94) -> 13 | P94: Yes | S94: 1966 | Y94: 22 | AA94: =SUM(X94:Z94) -> 22 | AD94: 22 | AF94: =SUM(AC94:AE94) -> 22 | AI94: 1 | AM94: 0.012 | AN94: 0.012 | AO94: 0 | AP94: 0
D95: 82 | E95: Bowling | G95: Girls | I95: Varsity | M95: =SUM(K95:L95) -> 0 | AA95: =SUM(X95:Z95) -> 0 | AF95: =SUM(AC95:AE95) -> 0 | AM95: 0 | AN95: 0 | AO95: 0 | AP95: 0
D96: 83 | E96: Competitive Spirit | G96: Girls | I96: Varsity | L96: 20 | M96: =SUM(K96:L96) -> 20 | P96: Yes | S96: 1966 | Y96: 6 | AA96: =SUM(X96:Z96) -> 6 | AD96: 6 | AF96: =SUM(AC96:AE96) -> 6 | AI96: 1 | AM96: 0.012 | AN96: 0.012 | AO96: 0 | AP96: 0
D97: 84 | E97: Cross Country | G97: Girls | I97: Varsity | L97: 8 | M97: =SUM(K97:L97) -> 8 | O97: Yes | S97: 1966 | X97: 16 | AA97: =SUM(X97:Z97) -> 16 | AC97: 16 | AF97: =SUM(AC97:AE97) -> 16 | AI97: 1 | AM97: 0.01 | AN97: 0.01 | AO97: 0 | AP97: 0
D98: 85 | E98: Field Hockey | G98: Girls | I98: Varsity | L98: 15 | M98: =SUM(K98:L98) -> 15 | O98: Yes | S98: 1966 | X98: 18 | AA98: =SUM(X98:Z98) -> 18 | AC98: 18 | AF98: =SUM(AC98:AE98) -> 18 | AI98: 1 | AM98: 0.012 | AN98: 0.012 | AO98: 0 | AP98: 0
D99: 86 | E99: Golf | G99: Girls | I99: Varsity | L99: 0 | M99: =SUM(K99:L99) -> 0 | O99: Yes | S99: 1966 | X99: 18 | AA99: =SUM(X99:Z99) -> 18 | AF99: =SUM(AC99:AE99) -> 0 | AI99: 1 | AM99: 0.01 | AN99: 0.01 | AO99: 0 | AP99: 0
D100: 87 | E100: Gymnastics | G100: Girls | I100: Varsity | M100: =SUM(K100:L100) -> 0 | AA100: =SUM(X100:Z100) -> 0 | AF100: =SUM(AC100:AE100) -> 0 | AM100: 0 | AN100: 0 | AO100: 0 | AP100: 0
D101: 88 | E101: Lacrosse | G101: Girls | I101: Varsity | L101: 18 | M101: =SUM(K101:L101) -> 18 | Q101: Yes | S101: 1966 | Z101: 18 | AA101: =SUM(X101:Z101) -> 18 | AE101: 18 | AF101: =SUM(AC101:AE101) -> 18 | AI101: 1 | AK101: 1 | AM101: 0.012 | AN101: 0.012 | AO101: 0 | AP101: 0
D102: 89 | E102: Rifle | G102: Girls | I102: Varsity | L102: 7 | M102: =SUM(K102:L102) -> 7 | Q102: Yes | S102: 1966 | Z102: 12 | AA102: =SUM(X102:Z102) -> 12 | AE102: 12 | AF102: =SUM(AC102:AE102) -> 12 | AI102: 1 | AK102: 1 | AM102: 0.01 | AN102: 0.01 | AO102: 0 | AP102: 0
D103: 90 | E103: Soccer | G103: Girls | I103: Varsity | L103: 21 | M103: =SUM(K103:L103) -> 21 | O103: Yes | S103: 2001 | X103: 18 | AA103: =SUM(X103:Z103) -> 18 | AC103: 18 | AF103: =SUM(AC103:AE103) -> 18 | AI103: 1 | AK103: 1 | AM103: 0.012 | AN103: 0.012 | AO103: 0 | AP103: 0
D104: 91 | E104: Softball, Fast Pitch | G104: Girls | I104: Varsity | L104: 12 | M104: =SUM(K104:L104) -> 12 | Q104: Yes | S104: 1966 | Z104: 20 | AA104: =SUM(X104:Z104) -> 20 | AE104: 20 | AF104: =SUM(AC104:AE104) -> 20 | AI104: 1 | AK104: 1 | AM104: 0.012 | AN104: 0.012 | AO104: 0 | AP104: 0
D105: 92 | E105: Swimming and Diving | G105: Girls | I105: Varsity | L105: 11 | M105: =SUM(K105:L105) -> 11 | P105: Yes | S105: 1966 | Y105: 22 | AA105: =SUM(X105:Z105) -> 22 | AD105: 22 | AF105: =SUM(AC105:AE105) -> 22 | AI105: 1 | AM105: 0.012 | AN105: 0.012 | AO105: 0 | AP105: 0
D106: 93 | E106: Tennis | G106: Girls | I106: Varsity | M106: =SUM(K106:L106) -> 0 | O106: Yes | S106: 1966 | X106: 18 | AA106: =SUM(X106:Z106) -> 18 | AC106: 18 | AF106: =SUM(AC106:AE106) -> 18 | AI106: 1 | AM106: 0.01 | AN106: 0.01 | AO106: 0 | AP106: 0
D107: 94 | E107: Track & Field (Indoor) | G107: Girls | I107: Varsity | L107: 15 | M107: =SUM(K107:L107) -> 15 | P107: Yes | S107: 1966 | Y107: 16 | AA107: =SUM(X107:Z107) -> 16 | AD107: 16 | AF107: =SUM(AC107:AE107) -> 16 | AI107: 1 | AK107: 1 | AM107: 0.012 | AN107: 0.012 | AO107: 0 | AP107: 0
D108: 95 | E108: Track & Field (Outdoor) | G108: Girls | I108: Varsity | L108: 26 | M108: =SUM(K108:L108) -> 26 | Q108: Yes | S108: 1966 | Z108: 16 | AA108: =SUM(X108:Z108) -> 16 | AE108: 16 | AF108: =SUM(AC108:AE108) -> 16 | AI108: 1 | AK108: 1 | AM108: 0.012 | AN108: 0.012 | AO108: 0 | AP108: 0
D109: 96 | E109: Volleyball | G109: Girls | I109: Varsity | L109: 8 | M109: =SUM(K109:L109) -> 8 | O109: Yes | S109: 1993 | X109: 22 | AA109: =SUM(X109:Z109) -> 22 | AC109: 22 | AF109: =SUM(AC109:AE109) -> 22 | AI109: 1 | AM109: 0.012 | AN109: 0.012 | AO109: 0 | AP109: 0
D110: 97 | E110: Water Polo | G110: Girls | I110: Varsity | L110: 6 | M110: =SUM(K110:L110) -> 6 | O110: Yes | S110: 1966 | X110: 22 | AA110: =SUM(X110:Z110) -> 22 | AF110: =SUM(AC110:AE110) -> 0 | AI110: 1 | AK110: 1 | AM110: 0.01 | AN110: 0.01 | AO110: 0 | AP110: 0
D111: 98 | E111: Basketball | G111: Girls | I111: Jr Varsity | L111: 13 | M111: =SUM(K111:L111) -> 13 | P111: Yes | S111: 1966 | Y111: 22 | AA111: =SUM(X111:Z111) -> 22 | AD111: 22 | AF111: =SUM(AC111:AE111) -> 22 | AI111: 1 | AM111: 0.012 | AN111: 0.012 | AO111: 0 | AP111: 0
D112: 99 | E112: Bowling | G112: Girls | I112: Jr Varsity | M112: =SUM(K112:L112) -> 0 | AA112: =SUM(X112:Z112) -> 0 | AF112: =SUM(AC112:AE112) -> 0 | AM112: 0 | AN112: 0 | AO112: 0 | AP112: 0
D113: 100 | E113: Competitive Spirit | G113: Girls | I113: Jr Varsity | L113: 19 | M113: =SUM(K113:L113) -> 19 | P113: Yes | S113: 1966 | Y113: 6 | AA113: =SUM(X113:Z113) -> 6 | AD113: 6 | AF113: =SUM(AC113:AE113) -> 6 | AI113: 1 | AM113: 0.012 | AN113: 0.012 | AO113: 0 | AP113: 0
D114: 101 | E114: Cross Country | G114: Girls | I114: Jr Varsity | L114: 8 | M114: =SUM(K114:L114) -> 8 | O114: Yes | S114: 1966 | X114: 16 | AA114: =SUM(X114:Z114) -> 16 | AC114: 16 | AF114: =SUM(AC114:AE114) -> 16 | AI114: 1 | AM114: 0.01 | AN114: 0.01 | AO114: 0 | AP114: 0
D115: 102 | E115: Field Hockey | G115: Girls | I115: Jr Varsity | L115: 14 | M115: =SUM(K115:L115) -> 14 | O115: Yes | S115: 1966 | X115: 18 | AA115: =SUM(X115:Z115) -> 18 | AC115: 18 | AF115: =SUM(AC115:AE115) -> 18 | AI115: 1 | AM115: 0.012 | AN115: 0.012 | AO115: 0 | AP115: 0
D116: 103 | E116: Golf | G116: Girls | I116: Jr Varsity | M116: =SUM(K116:L116) -> 0 | AA116: =SUM(X116:Z116) -> 0 | AF116: =SUM(AC116:AE116) -> 0 | AM116: 0 | AN116: 0 | AO116: 0 | AP116: 0
D117: 104 | E117: Gymnastics | G117: Girls | I117: Jr Varsity | M117: =SUM(K117:L117) -> 0 | AA117: =SUM(X117:Z117) -> 0 | AF117: =SUM(AC117:AE117) -> 0 | AM117: 0 | AN117: 0 | AO117: 0 | AP117: 0
D118: 105 | E118: Lacrosse | G118: Girls | I118: Jr Varsity | L118: 17 | M118: =SUM(K118:L118) -> 17 | Q118: Yes | S118: 1966 | Z118: 18 | AA118: =SUM(X118:Z118) -> 18 | AE118: 18 | AF118: =SUM(AC118:AE118) -> 18 | AI118: 1 | AM118: 0.012 | AN118: 0.012 | AO118: 0 | AP118: 0
D119: 106 | E119: Rifle | G119: Girls | I119: Jr Varsity | L119: 6 | M119: =SUM(K119:L119) -> 6 | Q119: Yes | S119: 1966 | Z119: 12 | AA119: =SUM(X119:Z119) -> 12 | AE119: 12 | AF119: =SUM(AC119:AE119) -> 12 | AI119: 1 | AK119: 1 | AM119: 0.01 | AN119: 0.01 | AO119: 0 | AP119: 0
D120: 107 | E120: Soccer | G120: Girls | I120: Jr Varsity | L120: 21 | M120: =SUM(K120:L120) -> 21 | O120: Yes | S120: 2001 | X120: 18 | AA120: =SUM(X120:Z120) -> 18 | AC120: 18 | AF120: =SUM(AC120:AE120) -> 18 | AI120: 1 | AM120: 0.012 | AN120: 0.012 | AO120: 0 | AP120: 0
D121: 108 | E121: Softball, Fast Pitch | G121: Girls | I121: Jr Varsity | L121: 12 | M121: =SUM(K121:L121) -> 12 | Q121: Yes | S121: 1966 | Z121: 20 | AA121: =SUM(X121:Z121) -> 20 | AE121: 20 | AF121: =SUM(AC121:AE121) -> 20 | AI121: 1 | AM121: 0.012 | AN121: 0.012 | AO121: 0 | AP121: 0
D122: 109 | E122: Swimming and Diving | G122: Girls | I122: Jr Varsity | L122: 10 | M122: =SUM(K122:L122) -> 10 | P122: Yes | S122: 1966 | Y122: 22 | AA122: =SUM(X122:Z122) -> 22 | AD122: 22 | AF122: =SUM(AC122:AE122) -> 22 | AI122: 1 | AM122: 0.012 | AN122: 0.012 | AO122: 0 | AP122: 0
D123: 110 | E123: Tennis | G123: Girls | I123: Jr Varsity | M123: =SUM(K123:L123) -> 0 | O123: Yes | S123: 1966 | X123: 18 | AA123: =SUM(X123:Z123) -> 18 | AC123: 18 | AF123: =SUM(AC123:AE123) -> 18 | AI123: 1 | AM123: 0.01 | AN123: 0.01 | AO123: 0 | AP123: 0
D124: 111 | E124: Track & Field (Indoor) | G124: Girls | I124: Jr Varsity | L124: 14 | M124: =SUM(K124:L124) -> 14 | P124: Yes | S124: 1966 | Y124: 16 | AA124: =SUM(X124:Z124) -> 16 | AD124: 16 | AF124: =SUM(AC124:AE124) -> 16 | AI124: 1 | AK124: 1 | AM124: 0.01 | AN124: 0.01 | AO124: 0 | AP124: 0
D125: 112 | E125: Track & Field (Outdoor) | G125: Girls | I125: Jr Varsity | L125: 25 | M125: =SUM(K125:L125) -> 25 | Q125: Yes | S125: 1966 | Z125: 16 | AA125: =SUM(X125:Z125) -> 16 | AE125: 16 | AF125: =SUM(AC125:AE125) -> 16 | AI125: 1 | AK125: 1 | AM125: 0.012 | AN125: 0.012 | AO125: 0 | AP125: 0
D126: 113 | E126: Volleyball | G126: Girls | I126: Jr Varsity | L126: 7 | M126: =SUM(K126:L126) -> 7 | O126: Yes | S126: 1993 | X126: 22 | AA126: =SUM(X126:Z126) -> 22 | AC126: 22 | AF126: =SUM(AC126:AE126) -> 22 | AI126: 1 | AM126: 0.012 | AN126: 0.012 | AO126: 0 | AP126: 0
D127: 114 | E127: Water Polo | G127: Girls | I127: Jr Varsity | M127: =SUM(K127:L127) -> 0 | O127: Yes | AA127: =SUM(X127:Z127) -> 0 | AF127: =SUM(AC127:AE127) -> 0 | AM127: 0 | AN127: 0 | AO127: 0 | AP127: 0
D128: 115 | E128: Basketball | G128: Girls | I128: Freshman | M128: =SUM(K128:L128) -> 0 | S128: 1966 | T128: 2015 | Y128: 22 | AA128: =SUM(X128:Z128) -> 22 | AD128: 22 | AF128: =SUM(AC128:AE128) -> 22 | AM128: 0 | AN128: 0 | AO128: 0 | AP128: 0
D129: 116 | E129: Bowling | G129: Girls | I129: Freshman | M129: =SUM(K129:L129) -> 0 | AA129: =SUM(X129:Z129) -> 0 | AF129: =SUM(AC129:AE129) -> 0 | AM129: 0 | AN129: 0 | AO129: 0 | AP129: 0
D130: 117 | E130: Competitive Spirit | G130: Girls | I130: Freshman | M130: =SUM(K130:L130) -> 0 | AA130: =SUM(X130:Z130) -> 0 | AF130: =SUM(AC130:AE130) -> 0 | AM130: 0 | AN130: 0 | AO130: 0 | AP130: 0
D131: 118 | E131: Cross Country | G131: Girls | I131: Freshman | M131: =SUM(K131:L131) -> 0 | AA131: =SUM(X131:Z131) -> 0 | AF131: =SUM(AC131:AE131) -> 0 | AM131: 0 | AN131: 0 | AO131: 0 | AP131: 0
...

Sheet Page 3 - Financial Information
E4: ='Page 1 - General Information'!E4 -> INTERSCHOLASTIC ATHLETIC OPPORTUNITIES DISCLOSURE FORM 17.2
E5: ='Page 1 - General Information'!E5 -> 2016 - 2017 School Year
E7: =IF('Page 1 - General Information'!G14="[Make Selection From Drop-Down List ]","",("School: "&'Page 1 - General Information'!G14&" - "&'Page 1 - General Information'!G16)) -> School: Upper Merion HS - 3395 | O7: Page 3 - Section 1: Financial Information | W7: =IF('Page 1 - General Information'!G10=" [Make Selection From Drop-Down List ]","",("LEA: "&'Page 1 - General Information'!G10&" - "&'Page 1 - General Information'!G12)) -> LEA: Upper Merion Area SD - 123468402
E9: ATHLETIC EXPENDITURES
E10: Team | G10: Boys/Girls | I10: Level | K10: Total Annual School Team Expenditures | M10: SCHOOL'S ANNUAL EXPENDITURES FOR EACH TEAM | W10: NON-SCHOOL (BOOSTER CLUBS, ALUMNI & OTHER NON-SCHOOL) CONTRIBUTIONS & PURCHASES
M11: Travel 1 | N11: Uniforms 2 | O11: Supplies and Equipment 3 | P11: Facilities 4 | Q11: Other | R11: Coaching Staff Compensation per Sport per Season | U11: Total Compensation For All Athletic Trainers Per Academic Year | W11: List total value of contributions per team | X11: List total value of purchases per team
R13: Fall | S13: Winter | T13: Spring | U13: 98110.13
K14: Totals | M14: =SUM(M16:M186) -> 79931.92 | N14: =SUM(N16:N186) -> 42484.06 | O14: =SUM(O16:O186) -> 96585.04 | P14: =SUM(P16:P186) -> 0 | Q14: =SUM(Q16:Q186) -> 65198.75 | R14: =SUM(R16:R186) -> 164306.77 | S14: =SUM(S16:S186) -> 102611.82 | T14: =SUM(T16:T186) -> 149233.48 | W14: =SUM(W16:W186) -> 104286.01 | X14: =SUM(X16:X186) -> 134947.27
K15: 1 | L15: 2 | M15: 3 | N15: 4 | O15: 5 | P15: 6 | Q15: 7 | R15: 8 | S15: 9 | T15: 10 | U15: 11 | V15: 12 | W15: 13 | X15: 14
D16: 1 | E16: Baseball | G16: Boys | I16: Varsity | K16: =SUM(M16:T16) -> 19137.93 | M16: 2259.13 | N16: 302.5 | O16: 1560.42 | Q16: 1271 | T16: 13744.88 | W16: 1662.19 | X16: 1794.77
D17: 2 | E17: Basketball | G17: Boys | I17: Varsity | K17: =SUM(M17:T17) -> 21964.9 | M17: 3309.57 | N17: 296.13 | O17: 3082.88 | Q17: 3975.5 | S17: 11300.82 | W17: 3423.34 | X17: 3873.7
D18: 3 | E18: Bowling | G18: Boys | I18: Varsity | K18: =SUM(M18:T18) -> 0 | W18: 0 | X18: 0
D19: 4 | E19: Cross Country | G19: Boys | I19: Varsity | K19: =SUM(M19:T19) -> 9859.96 | M19: 1087.28 | N19: 1002.09 | O19: 1002.09 | Q19: 31 | R19: 6737.5 | W19: 0 | X19: 0
D20: 5 | E20: Football | G20: Boys | I20: Varsity | K20: =SUM(M20:T20) -> 54490.49 | M20: 4253.5 | N20: 2652.89 | O20: 7699.14 | Q20: 14858.75 | R20: 25026.21 | W20: 8417.44 | X20: 6884.46
D21: 6 | E21: Golf | G21: Boys | I21: Varsity | K21: =SUM(M21:T21) -> 11151.9 | M21: 2509.25 | N21: 500 | O21: 2938.25 | R21: 5204.4 | W21: 0 | X21: 0
D22: 7 | E22: Lacrosse | G22: Boys | I22: Varsity | K22: =SUM(M22:T22) -> 18410.58 | M22: 990.57 | O22: 2926.22 | Q22: 1359 | T22: 13134.79 | W22: 0 | X22: 0
D23: 8 | E23: Rifle | G23: Boys | I23: Varsity | K23: =SUM(M23:T23) -> 10404.64 | M23: 1844.63 | N23: 941.33 | O23: 3290.45 | T23: 4328.23 | W23: 11295.42 | X23: 19729.95
D24: 9 | E24: Soccer | G24: Boys | I24: Varsity | K24: =SUM(M24:T24) -> 17061.32 | M24: 1456.82 | O24: 1706.25 | Q24: 1501.25 | R24: 12397 | W24: 0 | X24: 0
D25: 10 | E25: Swimming and Diving | G25: Boys | I25: Varsity | K25: =SUM(M25:T25) -> 11337.12 | M25: 704.72 | N25: 506.49 | O25: 1103.34 | Q25: 955.75 | S25: 8066.82 | W25: 665.91 | X25: 157
D26: 11 | E26: Tennis | G26: Boys | I26: Varsity | K26: =SUM(M26:T26) -> 7051.81 | M26: 335.25 | N26: 142.45 | O26: 1184.11 | T26: 5390 | W26: 0 | X26: 0
D27: 12 | E27: Track & Field (Indoor) | G27: Boys | I27: Varsity | K27: =SUM(M27:T27) -> 6774.27 | M27: 1092.76 | O27: 974.5 | S27: 4707.01 | W27: 0 | X27: 0
D28: 13 | E28: Track & Field (Outdoor) | G28: Boys | I28: Varsity | K28: =SUM(M28:T28) -> 11972.1 | M28: 1368 | O28: 915.98 | Q28: 144 | T28: 9544.12 | W28: 0 | X28: 0
D29: 14 | E29: Volleyball | G29: Boys | I29: Varsity | K29: =SUM(M29:T29) -> 0 | W29: 0 | X29: 0
D30: 15 | E30: Water Polo | G30: Boys | I30: Varsity | K30: =SUM(M30:T30) -> 10048.92 | M30: 2646.64 | N30: 474.05 | O30: 893.3 | Q30: 264 | R30: 5770.93 | W30: 0 | X30: 344.49
D31: 16 | E31: Wrestling | G31: Boys | I31: Varsity | K31: =SUM(M31:T31) -> 14191.99 | M31: 1539.5 | N31: 573.75 | O31: 3295.92 | Q31: 716 | S31: 8066.82 | W31: 417.88 | X31: 367.86
D32: 17 | E32: Baseball | G32: Boys | I32: Jr Varsity | K32: =SUM(M32:T32) -> 10584.6 | M32: 2259.12 | N32: 302.5 | O32: 766.92 | Q32: 1271 | T32: 5985.06 | W32: 1662.19 | X32: 1794.77
D33: 18 | E33: Basketball | G33: Boys | I33: Jr Varsity | K33: =SUM(M33:T33) -> 14828.83 | M33: 3309.56 | N33: 296.12 | O33: 2289.37 | Q33: 2688.5 | S33: 6245.28 | W33: 3423.33 | X33: 3873.69
D34: 19 | E34: Bowling | G34: Boys | I34: Jr Varsity | K34: =SUM(M34:T34) -> 0 | W34: 0 | X34: 0
D35: 20 | E35: Cross Country | G35: Boys | I35: Jr Varsity | K35: =SUM(M35:T35) -> 1326.86 | M35: 1087.28 | O35: 208.58 | Q35: 31 | W35: 0 | X35: 0
D36: 21 | E36: Football | G36: Boys | I36: Jr Varsity | K36: =SUM(M36:T36) -> 27389.11 | M36: 1009.38 | N36: 2652.89 | O36: 6905.63 | Q36: 1766.5 | R36: 15054.71 | W36: 8417.43 | X36: 6884.45
D37: 22 | E37: Golf | G37: Boys | I37: Jr Varsity | K37: =SUM(M37:T37) -> 0 | W37: 0 | X37: 0
D38: 23 | E38: Lacrosse | G38: Boys | I38: Jr Varsity | K38: =SUM(M38:T38) -> 11253.22 | M38: 990.57 | O38: 3132.72 | Q38: 1359 | T38: 5770.93 | W38: 0 | X38: 0
D39: 24 | E39: Rifle | G39: Boys | I39: Jr Varsity | K39: =SUM(M39:T39) -> 9611.12 | M39: 1844.63 | N39: 941.32 | O39: 2496.95 | T39: 4328.22 | W39: 11295.41 | X39: 19729.95
D40: 25 | E40: Soccer | G40: Boys | I40: Jr Varsity | K40: =SUM(M40:T40) -> 9260.81 | M40: 1456.82 | O40: 912.74 | Q40: 1501.25 | R40: 5390 | W40: 0 | X40: 0
D41: 26 | E41: Swimming and Diving | G41: Boys | I41: Jr Varsity | K41: =SUM(M41:T41) -> 8944.79 | M41: 704.72 | N41: 506.49 | O41: 309.83 | Q41: 955.75 | S41: 6468 | W41: 665.91 | X41: 157
D42: 27 | E42: Tennis | G42: Boys | I42: Jr Varsity | K42: =SUM(M42:T42) -> 5031.83 | M42: 335.25 | N42: 142.45 | O42: 390.61 | T42: 4163.52 | W42: 0 | X42: 0
D43: 28 | E43: Track & Field (Indoor) | G43: Boys | I43: Jr Varsity | K43: =SUM(M43:T43) -> 5980.76 | M43: 1092.76 | O43: 181 | S43: 4707 | W43: 0 | X43: 0
D44: 29 | E44: Track & Field (Outdoor) | G44: Boys | I44: Jr Varsity | K44: =SUM(M44:T44) -> 11604.59 | M44: 1794 | O44: 122.47 | Q44: 144 | T44: 9544.12 | W44: 0 | X44: 0
D45: 30 | E45: Volleyball | G45: Boys | I45: Jr Varsity | K45: =SUM(M45:T45) -> 0 | W45: 0 | X45: 0
D46: 31 | E46: Water Polo | G46: Boys | I46: Jr Varsity | K46: =SUM(M46:T46) -> 0 | W46: 0 | X46: 0
D47: 32 | E47: Wrestling | G47: Boys | I47: Jr Varsity | K47: =SUM(M47:T47) -> 11173.51 | M47: 1359.5 | N47: 573.75 | O47: 2502.42 | Q47: 716 | S47: 6021.84 | W47: 417.88 | X47: 367.86
D48: 33 | E48: Baseball | G48: Boys | I48: Freshman | K48: =SUM(M48:T48) -> 9319.67 | M48: 809.75 | N48: 302.5 | O48: 766.92 | Q48: 1242 | T48: 6198.5 | W48: 1662.19 | X48: 1794.77
D49: 34 | E49: Basketball | G49: Boys | I49: Freshman | K49: =SUM(M49:T49) -> 7809.37 | M49: 1104 | O49: 2289.37 | Q49: 1182 | S49: 3234 | W49: 3423.33 | X49: 3873.69
D50: 35 | E50: Bowling | G50: Boys | I50: Freshman | K50: =SUM(M50:T50) -> 0 | W50: 0 | X50: 0
D51: 36 | E51: Cross Country | G51: Boys | I51: Freshman | K51: =SUM(M51:T51) -> 0 | W51: 0 | X51: 0
D52: 37 | E52: Football | G52: Boys | I52: Freshman | K52: =SUM(M52:T52) -> 22348.63 | M52: 83 | N52: 2652.89 | O52: 4558.03 | R52: 15054.71 | W52: 0 | X52: 0
D53: 38 | E53: Golf | G53: Boys | I53: Freshman | K53: =SUM(M53:T53) -> 0 | W53: 0 | X53: 0
D54: 39 | E54: Lacrosse | G54: Boys | I54: Freshman | K54: =SUM(M54:T54) -> 0 | W54: 0 | X54: 0
D55: 40 | E55: Rifle | G55: Boys | I55: Freshman | K55: =SUM(M55:T55) -> 0 | W55: 0 | X55: 0
D56: 41 | E56: Soccer | G56: Boys | I56: Freshman | K56: =SUM(M56:T56) -> 7128.94 | M56: 1198 | O56: 912.74 | R56: 5018.2 | W56: 0 | X56: 0
D57: 42 | E57: Swimming and Diving | G57: Boys | I57: Freshman | K57: =SUM(M57:T57) -> 0 | W57: 0 | X57: 0
D58: 43 | E58: Tennis | G58: Boys | I58: Freshman | K58: =SUM(M58:T58) -> 0 | W58: 0 | X58: 0
D59: 44 | E59: Track & Field (Indoor) | G59: Boys | I59: Freshman | K59: =SUM(M59:T59) -> 0 | W59: 0 | X59: 0
D60: 45 | E60: Track & Field (Outdoor) | G60: Boys | I60: Freshman | K60: =SUM(M60:T60) -> 0 | W60: 0 | X60: 0
D61: 46 | E61: Volleyball | G61: Boys | I61: Freshman | K61: =SUM(M61:T61) -> 0 | W61: 0 | X61: 0
D62: 47 | E62: Water Polo | G62: Boys | I62: Freshman | K62: =SUM(M62:T62) -> 0 | W62: 0 | X62: 0
D63: 48 | E63: Wrestling | G63: Boys | I63: Freshman | K63: =SUM(M63:T63) -> 0 | W63: 0 | X63: 0
D64: 49 | E64: Baseball | G64: Boys | I64: 8th Grade | K64: =SUM(M64:T64) -> 0 | W64: 0 | X64: 0
D65: 50 | E65: Basketball | G65: Boys | I65: 8th Grade | K65: =SUM(M65:T65) -> 0 | W65: 0 | X65: 0
D66: 51 | E66: Bowling | G66: Boys | I66: 8th Grade | K66: =SUM(M66:T66) -> 0 | W66: 0 | X66: 0
D67: 52 | E67: Cross Country | G67: Boys | I67: 8th Grade | K67: =SUM(M67:T67) -> 0 | W67: 0 | X67: 0
D68: 53 | E68: Football | G68: Boys | I68: 8th Grade | K68: =SUM(M68:T68) -> 0 | W68: 0 | X68: 0
... D95: 80 | E95: Wrestling | G95: Boys | I95: 7th Grade | K95: =SUM(M95:T95) -> 0 | W95: 0 | X95: 0
D96: 81 | E96: Basketball | G96: Girls | I96: Varsity | K96: =SUM(M96:T96) -> 19960.78 | M96: 1251.19 | N96: 3000.3 | O96: 3750.79 | Q96: 3604 | S96: 8354.5 | W96: 5349.43 | X96: 5849
D97: 82 | E97: Bowling | G97: Girls | I97: Varsity | K97: =SUM(M97:T97) -> 0 | W97: 0 | X97: 0
D98: 83 | E98: Competitive Spirit | G98: Girls | I98: Varsity | K98: =SUM(M98:T98) -> 16656.93 | M98: 3168.32 | N98: 6564.5 | O98: 1520 | R98: 2702.06 | S98: 2702.05 | W98: 0 | X98: 0
D99: 84 | E99: Cross Country | G99: Girls | I99: Varsity | K99: =SUM(M99:T99) -> 8393.12 | M99: 1087.28 | O99: 1002.09 | Q99: 31 | R99: 6272.75 | W99: 0 | X99: 0
D100: 85 | E100: Field Hockey | G100: Girls | I100: Varsity | K100: =SUM(M100:T100) -> 13033.23 | M100: 1377.63 | N100: 1917 | O100: 1111.6 | Q100: 1620 | R100: 7007 | W100: 262 | X100: 83.03
D101: 86 | E101: Golf | G101: Girls | I101: Varsity | K101: =SUM(M101:T101) -> 0 | W101: 0 | X101: 0
D102: 87 | E102: Gymnastics | G102: Girls | I102: Varsity | K102: =SUM(M102:T102) -> 0 | W102: 0 | X102: 0
D103: 88 | E103: Lacrosse | G103: Girls | I103: Varsity | K103: =SUM(M103:T103) -> 17081.71 | M103: 1178.19 | O103: 1312.09 | Q103: 1005 | T103: 13586.43 | W103: 1909.45 | X103: 1718.12
D104: 89 | E104: Rifle | G104: Girls | I104: Varsity | K104: =SUM(M104:T104) -> 10404.64 | M104: 1844.63 | N104: 941.33 | O104: 3290.45 | T104: 4328.23 | W104: 11295.41 | X104: 19729.95
D105: 90 | E105: Soccer | G105: Girls | I105: Varsity | K105: =SUM(M105:T105) -> 17285.13 | M105: 879.88 | O105: 1447.25 | Q105: 2561 | R105: 12397 | W105: 3675.89 | X105: 2895.61
D106: 91 | E106: Softball, Fast Pitch | G106: Girls | I106: Varsity | K106: =SUM(M106:T106) -> 17436.86 | M106: 616.88 | O106: 1657.98 | Q106: 1148 | T106: 14014 | W106: 277.5 | X106: 370
D107: 92 | E107: Swimming and Diving | G107: Girls | I107: Varsity | K107: =SUM(M107:T107) -> 11624.8 | M107: 704.72 | N107: 506.49 | O107: 1103.34 | Q107: 955.75 | S107: 8354.5 | W107: 665.91 | X107: 157
D108: 93 | E108: Tennis | G108: Girls | I108: Varsity | K108: =SUM(M108:T108) -> 7302.64 | M108: 492 | N108: 422.13 | O108: 1184.11 | R108: 5204.4 | W108: 0 | X108: 0
D109: 94 | E109: Track & Field (Indoor) | G109: Girls | I109: Varsity | K109: =SUM(M109:T109) -> 6962.14 | M109: 1280.63 | O109: 974.5 | S109: 4707.01 | W109: 0 | X109: 0
D110: 95 | E110: Track & Field (Outdoor) | G110: Girls | I110: Varsity | K110: =SUM(M110:T110) -> 12079.16 | M110: 1368 | O110: 915.97 | Q110: 144 | T110: 9651.19 | W110: 0 | X110: 0
D111: 96 | E111: Volleyball | G111: Girls | I111: Varsity | K111: =SUM(M111:T111) -> 14986.53 | M111: 1798.63 | N111: 255 | O111: 3118.9 | Q111: 2807 | R111: 7007 | W111: 282.5 | X111: 679.48
D112: 97 | E112: Water Polo | G112: Girls | I112: Varsity | K112: =SUM(M112:T112) -> 6928.23 | O112: 893.3 | Q112: 264 | R112: 5770.93 | W112: 0 | X112: 344.49
D113: 98 | E113: Basketball | G113: Girls | I113: Jr Varsity | K113: =SUM(M113:T113) -> 15816.06 | M113: 1251.19 | N113: 2508.3 | O113: 2957.29 | Q113: 2854 | S113: 6245.28 | W113: 5349.43 | X113: 5859
D114: 99 | E114: Bowling | G114: Girls | I114: Jr Varsity | K114: =SUM(M114:T114) -> 0 | W114: 0 | X114: 0
D115: 100 | E115: Competitive Spirit | G115: Girls | I115: Jr Varsity | K115: =SUM(M115:T115) -> 15863.42 | M115: 3168.32 | N115: 6564.5 | O115: 726.5 | R115: 2702.05 | S115: 2702.05 | W115: 0 | X115: 0
D116: 101 | E116: Cross Country | G116: Girls | I116: Jr Varsity | K116: =SUM(M116:T116) -> 1326.86 | M116: 1087.28 | O116: 208.58 | Q116: 31 | W116: 0 | X116: 0
D117: 102 | E117: Field Hockey | G117: Girls | I117: Jr Varsity | K117: =SUM(M117:T117) -> 10622.73 | M117: 1377.63 | N117: 1917 | O117: 318.1 | Q117: 1620 | R117: 5390 | W117: 262 | X117: 83.03
D118: 103 | E118: Golf | G118: Girls | I118: Jr Varsity | K118: =SUM(M118:T118) -> 0 | W118: 0 | X118: 0
D119: 104 | E119: Gymnastics | G119: Girls | I119: Jr Varsity | K119: =SUM(M119:T119) -> 0 | W119: 0 | X119: 0
D120: 105 | E120: Lacrosse | G120: Girls | I120: Jr Varsity | K120: =SUM(M120:T120) -> 8472.7 | M120: 1178.19 | O120: 518.58 | Q120: 1005 | T120: 5770.93 | W120: 1909.44 | X120: 1718.11
D121: 106 | E121: Rifle | G121: Girls | I121: Jr Varsity | K121: =SUM(M121:T121) -> 9611.12 | M121: 1844.63 | N121: 941.32 | O121: 2496.95 | T121: 4328.22 | W121: 11295.41 | X121: 19729.95
D122: 107 | E122: Soccer | G122: Girls | I122: Jr Varsity | K122: =SUM(M122:T122) -> 9022.82 | M122: 879.88 | O122: 563.74 | Q122: 2561 | R122: 5018.2 | W122: 3675.88 | X122: 2895.61
D123: 108 | E123: Softball, Fast Pitch | G123: Girls | I123: Jr Varsity | K123: =SUM(M123:T123) -> 8400.29 | M123: 616.88 | O123: 864.48 | Q123: 1148 | T123: 5770.93 | W123: 277.5 | X123: 370
D124: 109 | E124: Swimming and Diving | G124: Girls | I124: Jr Varsity | K124: =SUM(M124:T124) -> 8498.62 | M124: 704.72 | N124: 506.48 | O124: 309.83 | Q124: 955.75 | S124: 6021.84 | W124: 665.91 | X124: 157
D125: 110 | E125: Tennis | G125: Girls | I125: Jr Varsity | K125: =SUM(M125:T125) -> 5468.25 | M125: 492 | N125: 422.12 | O125: 390.61 | R125: 4163.52 | W125: 0 | X125: 0
D126: 111 | E126: Track & Field (Indoor) | G126: Girls | I126: Jr Varsity | K126: =SUM(M126:T126) -> 6168.63 | M126: 1280.63 | O126: 181 | S126: 4707 | W126: 0 | X126: 0
D127: 112 | E127: Track & Field (Outdoor) | G127: Girls | I127: Jr Varsity | K127: =SUM(M127:T127) -> 11285.65 | M127: 1368 | O127: 122.47 | Q127: 144 | T127: 9651.18 | W127: 0 | X127: 0
D128: 113 | E128: Volleyball | G128: Girls | I128: Jr Varsity | K128: =SUM(M128:T128) -> 12204.22 | M128: 1798.63 | N128: 255 | O128: 2325.39 | Q128: 2807 | R128: 5018.2 | W128: 282.5 | X128: 679.48
D129: 114 | E129: Water Polo | G129: Girls | I129: Jr Varsity | K129: =SUM(M129:T129) -> 0 | W129: 0 | X129: 0
D130: 115 | E130: Basketball | G130: Girls | I130: Freshman | K130: =SUM(M130:T130) -> 0 | W130: 0 | X130: 0
D131: 116 | E131: Bowling | G131: Girls | I131: Freshman | K131: =SUM(M131:T131) -> 0 | W131: 0 | X131: 0
D132: 117 | E132: Competitive Spirit | G132: Girls | I132: Freshman | K132: =SUM(M132:T132) -> 0 | W132: 0 | X132: 0
...

Sheet Page 4 - Gender and Race Info
E4: ='Page 1 - General Information'!E4 -> INTERSCHOLASTIC ATHLETIC OPPORTUNITIES DISCLOSURE FORM 17.2
C5: ='Page 1 - General Information'!E5 -> 2016 - 2017 School Year | E5: ='Page 1 - General Information'!E5 -> 2016 - 2017 School Year
E7: =IF('Page 1 - General Information'!G14="[Make Selection From Drop-Down List ]","",("School: "&'Page 1 - General Information'!G14&" - "&'Page 1 - General Information'!G16)) -> School: Upper Merion HS - 3395 | J7: Page 5 - Section 1: Gender and Race/Ethnicity Information | S7: =IF('Page 1 - General Information'!G10=" [Make Selection From Drop-Down List ]","",("LEA: "&'Page 1 - General Information'!G10&" - "&'Page 1 - General Information'!G12)) -> LEA: Upper Merion Area SD - 123468402
E10: Gender | F10: School Totals | O10: Athletic Program Totals
F11: Race/Ethnicity Code | O11: Race/Ethnicity Code
F12: American Indian/Alaskan Native | G12: Black/African American (Not Hispanic) | H12: Hispanic (Any Race) | I12: White/Caucasian (Not Hispanic) | J12: Multi-Racial (Not Hispanic) | K12: Asian (Not Hispanic) | L12: Native Hawaiian or Other Pacific Islander (Not Hispanic) | M12: Total | O12: American Indian/Alaskan Native | P12: Black/African American (Not Hispanic) | Q12: Hispanic (Any Race) | R12: White/Caucasian (Not Hispanic) | S12: Multi-Racial (Not Hispanic) | T12: Asian (Not Hispanic) | U12: Native Hawaiian or Other Pacific Islander (Not Hispanic) | V12: Total
F13: 1 | G13: 2 | H13: 3 | I13: 4 | J13: 5 | K13: 6 | L13: 7 | M13: 8 | N13: 9 | O13: 10 | P13: 11 | Q13: 12 | R13: 13 | S13: 14 | T13: 15 | U13: 16 | V13: 17
D14: ='Page 1 - General Information'!G12&'Page 1 - General Information'!G16&'Page 4 - Gender and Race Info'!E14 -> 1234684023395Male | E14: Male | F14: =IF(ISERROR(VLOOKUP($D$14,'Race Data'!$B:$O,7,FALSE))," ",(VLOOKUP($D$14,'Race Data'!$B:$O,7,FALSE))) -> * | G14: =IF(ISERROR(VLOOKUP($D$14,'Race Data'!$B:$O,8,FALSE))," ",(VLOOKUP($D$14,'Race Data'!$B:$O,8,FALSE))) -> 67 | H14: =IF(ISERROR(VLOOKUP($D$14,'Race Data'!$B:$O,9,FALSE))," ",(VLOOKUP($D$14,'Race Data'!$B:$O,9,FALSE))) -> 44 | I14: =IF(ISERROR(VLOOKUP($D$14,'Race Data'!$B:$O,10,FALSE))," ",(VLOOKUP($D$14,'Race Data'!$B:$O,10,FALSE))) -> 359 | J14: =IF(ISERROR(VLOOKUP($D$14,'Race Data'!$B:$O,11,FALSE))," ",(VLOOKUP($D$14,'Race Data'!$B:$O,11,FALSE))) -> 21 | K14: =IF(ISERROR(VLOOKUP($D$14,'Race Data'!$B:$O,12,FALSE))," ",(VLOOKUP($D$14,'Race Data'!$B:$O,12,FALSE))) -> 75 | L14: =IF(ISERROR(VLOOKUP($D$14,'Race Data'!$B:$O,13,FALSE))," ",(VLOOKUP($D$14,'Race Data'!$B:$O,13,FALSE))) -> * | M14: =IF(ISERROR(VLOOKUP($D$14,'Race Data'!$B:$O,14,FALSE))," ",(VLOOKUP($D$14,'Race Data'!$B:$O,14,FALSE))) -> 579 | O14: 2 | P14: 45 | Q14: 16 | R14: 262 | S14: 19 | T14: 71 | U14: 11 | V14: =SUM(O14:U14) -> 426
D15: ='Page 1 - General Information'!G12&'Page 1 - General Information'!G16&'Page 4 - Gender and Race Info'!E15 -> 1234684023395Female | E15: Female | F15: =IF(ISERROR(VLOOKUP($D$15,'Race Data'!$B:$O,7,FALSE))," ",(VLOOKUP($D$15,'Race Data'!$B:$O,7,FALSE))) -> * | G15: =IF(ISERROR(VLOOKUP($D$15,'Race Data'!$B:$O,8,FALSE))," ",(VLOOKUP($D$15,'Race Data'!$B:$O,8,FALSE))) -> 77 | H15: =IF(ISERROR(VLOOKUP($D$15,'Race Data'!$B:$O,9,FALSE))," ",(VLOOKUP($D$15,'Race Data'!$B:$O,9,FALSE))) -> 62 | I15: =IF(ISERROR(VLOOKUP($D$15,'Race Data'!$B:$O,10,FALSE))," ",(VLOOKUP($D$15,'Race Data'!$B:$O,10,FALSE))) -> 349 | J15: =IF(ISERROR(VLOOKUP($D$15,'Race Data'!$B:$O,11,FALSE))," ",(VLOOKUP($D$15,'Race Data'!$B:$O,11,FALSE))) -> 23 | K15: =IF(ISERROR(VLOOKUP($D$15,'Race Data'!$B:$O,12,FALSE))," ",(VLOOKUP($D$15,'Race Data'!$B:$O,12,FALSE))) -> 71 | L15: =IF(ISERROR(VLOOKUP($D$15,'Race Data'!$B:$O,13,FALSE))," ",(VLOOKUP($D$15,'Race Data'!$B:$O,13,FALSE))) -> * | M15: =IF(ISERROR(VLOOKUP($D$15,'Race Data'!$B:$O,14,FALSE))," ",(VLOOKUP($D$15,'Race Data'!$B:$O,14,FALSE))) -> 593 | O15: 3 | P15: 32 | Q15: 20 | R15: 265 | S15: 12 | T15: 34 | U15: 4 | V15: =SUM(O15:U15) -> 370
D16: ='Page 1 - General Information'!G12&'Page 1 - General Information'!G16&'Page 4 - Gender and Race Info'!E16 -> 1234684023395Total | E16: Total | F16: =IF(ISERROR(VLOOKUP($D$16,'Race Data'!$B:$O,7,FALSE))," ",(VLOOKUP($D$16,'Race Data'!$B:$O,7,FALSE))) -> * | G16: =IF(ISERROR(VLOOKUP($D$16,'Race Data'!$B:$O,8,FALSE))," ",(VLOOKUP($D$16,'Race Data'!$B:$O,8,FALSE))) -> 144 | H16: =IF(ISERROR(VLOOKUP($D$16,'Race Data'!$B:$O,9,FALSE))," ",(VLOOKUP($D$16,'Race Data'!$B:$O,9,FALSE))) -> 106 | I16: =IF(ISERROR(VLOOKUP($D$16,'Race Data'!$B:$O,10,FALSE))," ",(VLOOKUP($D$16,'Race Data'!$B:$O,10,FALSE))) -> 708 | J16: =IF(ISERROR(VLOOKUP($D$16,'Race Data'!$B:$O,11,FALSE))," ",(VLOOKUP($D$16,'Race Data'!$B:$O,11,FALSE))) -> 44 | K16: =IF(ISERROR(VLOOKUP($D$16,'Race Data'!$B:$O,12,FALSE))," ",(VLOOKUP($D$16,'Race Data'!$B:$O,12,FALSE))) -> 146 | L16: =IF(ISERROR(VLOOKUP($D$16,'Race Data'!$B:$O,13,FALSE))," ",(VLOOKUP($D$16,'Race Data'!$B:$O,13,FALSE))) -> * | M16: =IF(ISERROR(VLOOKUP($D$16,'Race Data'!$B:$O,14,FALSE))," ",(VLOOKUP($D$16,'Race Data'!$B:$O,14,FALSE))) -> 1172 | N16: =N14+N15 -> 0 | O16: =O14+O15 -> 5 | P16: =P14+P15 -> 77 | Q16: =Q14+Q15 -> 36 | R16: =R14+R15 -> 527 | S16: =S14+S15 -> 31 | T16: =T14+T15 -> 105 | U16: =U14+U15 -> 15 | V16: =V14+V15 -> 796
E20: Note: Some information has been redacted in order to protect individual idendtification

Sheet Page 5 - Comments
D4: ='Page 1 - General Information'!E4 -> INTERSCHOLASTIC ATHLETIC OPPORTUNITIES DISCLOSURE FORM 17.2
D5: ='Page 1 - General Information'!E5 -> 2016 - 2017 School Year
E7: =IF('Page 1 - General Information'!G14="[Make Selection From Drop-Down List ]","",("School: "&'Page 1 - General Information'!G14&" - "&'Page 1 - General Information'!G16)) -> School: Upper Merion HS - 3395 | J7: Page 4 - Section 1: Comments | N7: =IF('Page 1 - General Information'!G10=" [Make Selection From Drop-Down List ]","",("LEA: "&'Page 1 - General Information'!G10&" - "&'Page 1 - General Information'!G12)) -> LEA: Upper Merion Area SD - 123468402
E11: Please Provide All Applicable Comments Below
E12: For Best Results, Compose In A Word Processor, Copy And Paste To The Formula Bar Above, Then Press Enter.
E13: Input Is Limited To 100 Characters
E15: Crew is not a sport that was eligible to record information on the TEAM INFORMATION tab PAGE 2 and FINANCIAL INFORMATION tab PAGE 3. Upper Merion Area High School's Crew info has been recorded under the Boys and Girls Varsity Rifle tab on PAGE 2 and PAGE 3.

Sheet PIMS LEA
A1: AUN | B1: LEA Name | C1: AUN | D1: LEA Type | E1: Full Address | F1: District Street Address | G1: District Address 2 | H1: District Address 3 | I1: District City | J1: State Code | K1: District Zip Code
A2: 000000000 | B2: [Make Selection From Drop-Down List ] | C2: 000000000 | F2: From: Diana K 06/2017
A3: 124150002 | B3: 21st Century Cyber CS | C3: 124150002 | D3: Charter School | E3: 126 Wallace Ave. Downingtown, PA 19335
A4: 103020407 | B4: A W Beattie Career Center | C4: 103020407 | D4: Career and Technical Center | E4: 9600 Babcock Boulevard Allison Park, PA 15101
A5: 119350303 | B5: Abington Heights SD | C5: 119350303 | D5: School District | E5: 200 E Grove St Clarks Summit, PA 18411
A6: 123460302 | B6: Abington SD | C6: 123460302 | D6: School District | E6: 970 Highland Ave Abington, PA 19001
A7: 102020003 | B7: Academy CS | C7: 102020003 | D7: Charter School | E7: 900 Agnew Rd Pittsburgh, PA 15227
A8: 125230001 | B8: Achievement House CS | C8: 125230001 | D8: Charter School | E8: 600 Eagleview Boulevard Exton, PA 19341
A9: 126514368 | B9: ACT Academy Cyber CS | C9: 126514368 | D9: Charter School | E9: 2111 Eastburn Avenue Philadelphia, PA 19138
A10: 126510015 | B10: Ad Prima CS | C10: 126510015 | D10: Charter School | E10: 1920 N 63rd Street Philadelphia, PA 19151
A11: 108110307 | B11: Admiral Peary AVTS | C11: 108110307 | D11: Career and Technical Center | E11: 948 Ben Franklin Highway Ebensburg, PA 15931
A12: 126510020 | B12: Agora Cyber CS | C12: 126510020 | D12: Charter School | E12: 590 North Gulph Road King of Prussia, PA 19406
A13: 101260303 | B13: Albert Gallatin Area SD | C13: 101260303 | D13: School District | E13: 2625 Morgantown Rd Uniontown, PA 15401
A14: 127040503 | B14: Aliquippa SD | C14: 127040503 | D14: School District | E14: 800 21st Street Aliquippa, PA 15001
... A753: 126512870 | B753: Youth Build Phila CS | C753: 126512870 | D753: Charter School | E753: 1231 N Broad St Philadelphia, PA 19122

Sheet PIMS School
A1: AUN | B1: AUN Index | C1: Building Key | D1: Building Key 2 | E1: LEAInstName | F1: LEACategory | G1: LEAStatus | H1: SchoolBranchNum | I1: SchoolName | J1: SchoolBranchNum | K1: LEAMailingAddressLine2
A2: 124150002 | B2: 1 | C2: 1241500021 | D2: 12415000221st Century Cyber CS | E2: 21st Century Cyber CS | F2: Charter School | G2: 0000 | H2: 7691 | I2: 21st Century Cyber CS | J2: 7691 | K2: 126 Wallace Ave. Downingtown, PA 19335 | L2: From: Diana K. 06/2017
A3: 103020407 | B3: 1 | C3: 1030204071 | D3: 103020407A W Beattie Career Center | E3: A W Beattie Career Center | F3: Career and Technical Center | G3: 0000 | H3: 5273 | I3: A W Beattie Career Center | J3: 5273 | K3: 9600 Babcock Boulevard Allison Park, PA 15101
A4: 119350303 | B4: 1 | C4: 1193503031 | D4: 119350303Abington Heights HS | E4: Abington Heights SD | F4: School District | G4: 0000 | H4: 5091 | I4: Abington Heights HS | J4: 5091 | K4: 222 Noble Road Clarks Summit, PA 18411
A5: 119350303 | B5: 2 | C5: 1193503032 | D5: 119350303Abington Heights MS | E5: Abington Heights SD | F5: School District | G5: 0000 | H5: 6839 | I5: Abington Heights MS | J5: 6839 | K5: 1555 Newton Ransom Blvd Clarks Summit, PA 18411
A6: 123460302 | B6: 1 | C6: 1234603021 | D6: 123460302Abington JHS | E6: Abington SD | F6: School District | G6: 0000 | H6: 3242 | I6: Abington JHS | J6: 3242 | K6: 2056 Susquehanna St Abington, PA 19001
A7: 123460302 | B7: 2 | C7: 1234603022 | D7: 123460302Abington SHS | E7: Abington SD | F7: School District | G7: 0000 | H7: 3241 | I7: Abington SHS | J7: 3241 | K7: 900 Highland Avenue Abington, PA 19001
A8: 102020003 | B8: 1 | C8: 1020200031 | D8: 102020003Academy CS | E8: Academy CS | F8: Charter School | G8: 0000 | H8: 7846 | I8: Academy CS | J8: 7846 | K8: 900 Agnew Rd Pittsburgh, PA 15227
A9: 125230001 | B9: 1 | C9: 1252300011 | D9: 125230001Achievement House CS | E9: Achievement House CS | F9: Charter School | G9: 0000 | H9: 7824 | I9: Achievement House CS | J9: 7824 | K9: 600 Eagleview Boulevard Exton, PA 19341
A10: 126514368 | B10: 1 | C10: 1265143681 | D10: 126514368ACT Academy Cyber CS | E10: ACT Academy Cyber CS | F10: Charter School | G10: 0000 | H10: 8217 | I10: ACT Academy Cyber CS | J10: 8217 | K10: 2111 Eastburn Avenue Philadelphia, PA 19138
A11: 126510015 | B11: 1 | C11: 1265100151 | D11: 126510015Ad Prima CS | E11: Ad Prima CS | F11: Charter School | G11: 0000 | H11: 7825 | I11: Ad Prima CS | J11: 7825 | K11: 3556 Frankford Avenue Philadelphia, PA 19134
A12: 108110307 | B12: 1 | C12: 1081103071 | D12: 108110307Admiral Peary AVTS | E12: Admiral Peary AVTS | F12: Career and Technical Center | G12: 0000 | H12: 6661 | I12: Admiral Peary AVTS | J12: 6661 | K12: 948 Ben Franklin Highway Ebensburg, PA 15931
A13: 126510020 | B13: 1 | C13: 1265100201 | D13: 126510020Agora Cyber CS | E13: Agora Cyber CS | F13: Charter School | G13: 0000 | H13: 7858 | I13: Agora Cyber CS | J13: 7858 | K13: 590 North Gulph Road King of Prussia, PA 19406
A14: 101260303 | B14: 1 | C14: 1012603031 | D14: 101260303Albert Gallatin Area SHS | E14: Albert Gallatin Area SD | F14: School District | G14: 0000 | H14: 6001 | I14: Albert Gallatin Area SHS | J14: 6001 | K14: 1119 Twp Dr Uniontown, PA 15401
... A1447: 126512870 | B1447: 1 | C1447: 1265128701 | D1447: 126512870Youth Build Phila CS | E1447: Youth Build Phila CS | F1447: Charter School | G1447: 0000 | H1447: 7513 | I1447: Youth Build Phila CS | J1447: 7513 | K1447: 1231 N Broad St 5th floor Philadelphia, PA 19122

Sheet Enrollment Report
B1: Grade Level
B2: 007 | C2: 007 | D2: 008 | E2: 008 | F2: 009 | G2: 009 | H2: 010 | I2: 010 | J2: 011 | K2: 011 | L2: 012 | M2: 012 | N2: Grand Total | P2: Per S. Clark 06/27/2017
A3: Key | B3: Female | C3: Male | D3: Female | E3: Male | F3: Female | G3: Male | H3: Female | I3: Male | J3: Female | K3: Male | L3: Female | M3: Male
A4: 1241500027691 | B4: 63 | C4: 44 | D4: 71 | E4: 69 | F4: 94 | G4: 73 | H4: 122 | I4: 67 | J4: 122 | K4: 50 | L4: 93 | M4: 48 | N4: =SUM(B4:M4) -> 916
A5: 1030204075273 | B5: 0 | C5: 0 | D5: 0 | E5: 0 | F5: 0 | G5: 0 | H5: 73 | I5: 55 | J5: 116 | K5: 152 | L5: 126 | M5: 154 | N5: =SUM(B5:M5) -> 676
A6: 1193503035091 | B6: 0 | C6: 0 | D6: 0 | E6: 0 | F6: 112 | G6: 136 | H6: 120 | I6: 144 | J6: 135 | K6: 128 | L6: 121 | M6: 146 | N6: =SUM(B6:M6) -> 1042
A7: 1193503036839 | B7: 113 | C7: 143 | D7: 128 | E7: 145 | F7: 0 | G7: 0 | H7: 0 | I7: 0 | J7: 0 | K7: 0 | L7: 0 | M7: 0 | N7: =SUM(B7:M7) -> 529
A8: 1234603023242 | B8: 305 | C8: 332 | D8: 305 | E8: 306 | F8: 295 | G8: 312 | H8: 0 | I8: 0 | J8: 0 | K8: 0 | L8: 0 | M8: 0 | N8: =SUM(B8:M8) -> 1855
A9: 1234603023241 | B9: 0 | C9: 0 | D9: 0 | E9: 0 | F9: 0 | G9: 0 | H9: 269 | I9: 303 | J9: 276 | K9: 315 | L9: 273 | M9: 312 | N9: =SUM(B9:M9) -> 1748
A10: 1020200037846 | B10: 0 | C10: 0 | D10: 2 | E10: 10 | F10: 6 | G10: 23 | H10: 7 | I10: 17 | J10: 6 | K10: 19 | L10: 2 | M10: 18 | N10: =SUM(B10:M10) -> 110
A11: 1252300017824 | B11: 6 | C11: 6 | D11: 36 | E11: 29 | F11: 39 | G11: 36 | H11: 59 | I11: 47 | J11: 41 | K11: 28 | L11: 77 | M11: 54 | N11: =SUM(B11:M11) -> 458
A12: 1265143688217 | B12: 0 | C12: 0 | D12: 0 | E12: 0 | F12: 18 | G12: 17 | H12: 21 | I12: 18 | J12: 23 | K12: 16 | L12: 16 | M12: 17 | N12: =SUM(B12:M12) -> 146
A13: 1265100157825 | B13: 36 | C13: 24 | D13: 29 | E13: 14 | F13: 0 | G13: 0 | H13: 0 | I13: 0 | J13: 0 | K13: 0 | L13: 0 | M13: 0 | N13: =SUM(B13:M13) -> 103
A14: 1081103076661 | B14: 0 | C14: 0 | D14: 0 | E14: 0 | F14: 4 | G14: 28 | H14: 41 | I14: 67 | J14: 59 | K14: 142 | L14: 58 | M14: 95 | N14: =SUM(B14:M14) -> 494
A15: 1265100207858 | B15: 218 | C15: 248 | D15: 287 | E15: 319 | F15: 359 | G15: 417 | H15: 428 | I15: 376 | J15: 402 | K15: 306 | L15: 384 | M15: 269 | N15: =SUM(B15:M15) -> 4013
... A124: 1140607536306 | B124: 0 | C124: 0 | D124: 0 | E124: 0 | F124: 0 | G124: 0 | H124: 281 | I124: 260 | J124: 268 | K124: 275 | L124: 268 | M124: 294 | N124: =SUM(B124:M124) -> 1646
A125: 1855155237981 | C125: 115 | E125: 118 | G125: 153 | I125: 103 | K125: 109 | M125: 81 | N125: =SUM(B125:M125) -> 679
A126: 1094208034691 | B126: 0 | C126: 0 | D126: 0 | E126: 0 | F126: 91 | G126: 105 | H126: 86 | I126: 124 | J126: 105 | K126: 78 | L126: 105 | M126: 83 | N126: =SUM(B126:M126) -> 777
A127: 1094208033092 | B127: 80 | C127: 95 | D127: 93 | E127: 96 | F127: 0 | G127: 0 | H127: 0 | I127: 0 | J127: 0 | K127: 0 | L127: 0 | M127: 0 | N127: =SUM(B127:M127) -> 364
A128: 1140608536308 | B128: 0 | C128: 0 | D128: 0 | E128: 0 | F128: 63 | G128: 67 | H128: 54 | I128: 64 | J128: 63 | K128: 48 | L128: 65 | M128: 68 | N128: =SUM(B128:M128) -> 492
A129: 1140608538383 | B129: 56 | C129: 62 | D129: 40 | E129: 56 | F129: 0 | G129: 0 | H129: 0 | I129: 0 | J129: 0 | K129: 0 | L129: 0 | M129: 0 | N129: =SUM(B129:M129) -> 214
A130: 1030214537342 | B130: 49 | C130: 50 | D130: 41 | E130: 47 | F130: 0 | G130: 0 | H130: 0 | I130: 0 | J130: 0 | K130: 0 | L130: 0 | M130: 0 | N130: =SUM(B130:M130) -> 187
A131: 1030214530070 | B131: 0 | C131: 0 | D131: 0 | E131: 0 | F131: 40 | G131: 56 | H131: 31 | I131: 47 | J131: 53 | K131: 57 | L131: 38 | M131: 49 | N131: =SUM(B131:M131) -> 371
A132: 1220913031014 | B132: 0 | C132: 0 | D132: 45 | E132: 58 | F132: 34 | G132: 48 | H132: 28 | I132: 47 | J132: 29 | K132: 37 | L132: 37 | M132: 42 | N132: =SUM(B132:M132) -> 405
A133: 1220913037743 | B133: 54 | C133: 56 | D133: 0 | E133: 0 | F133: 0 | G133: 0 | H133: 0 | I133: 0 | J133: 0 | K133: 0 | L133: 0 | M133: 0 | N133: =SUM(B133:M133) -> 110
A134: 1220913525305 | B134: 144 | C134: 129 | D134: 114 | E134: 116 | F134: 0 | G134: 0 | H134: 0 | I134: 0 | J134: 0 | K134: 0 | L134: 0 | M134: 0 | N134: =SUM(B134:M134) -> 503
A135: 1220913521027 | B135: 111 | C135: 137 | D135: 118 | E135: 121 | F135: 0 | G135: 0 | H135: 0 | I135: 0 | J135: 0 | K135: 0 | L135: 0 | M135: 0 | N135: =SUM(B135:M135) -> 487
A136: 1220913521029 | B136: 0 | C136: 0 | D136: 0 | E136: 0 | F136: 187 | G136: 263 | H136: 180 | I136: 219 | J136: 168 | K136: 200 | L136: 188 | M136: 174 | N136: =SUM(B136:M136) -> 1579
A137: 1063307032362 | B137: 41 | C137: 44 | D137: 39 | E137: 43 | F137: 38 | G137: 35 | H137: 21 | I137: 43 | J137: 20 | K137: 41 | L137: 40 | M137: 31 | N137: =SUM(B137:M137) -> 436
... A310: 1164718033425 | B310: 0 | C310: 0 | D310: 0 | E310: 0 | F310: 74 | G310: 88 | H310: 80 | I310: 88 | J310: 81 | K310: 70 | L310: 97 | M310: 64 | N310: =SUM(B310:M310) -> 642
A311: 1164711117627 | B311: 0 | D311: 0 | F311: 4 | H311: 8 | J311: 3 | L311: 6 | N311: =SUM(B311:M311) -> 21
A312: 1152216075278 | B312: 0 | C312: 0 | D312: 0 | E312: 0 | F312: 123 | G312: 147 | H312: 131 | I312: 156 | J312: 127 | K312: 121 | L312: 107 | M312: 133 | N312: =SUM(B312:M312) -> 1045
A313: 1030222530513 | B313: 0 | C313: 0 | D313: 0 | E313: 0 | F313: 58 | G313: 63 | H313: 70 | I313: 74 | J313: 75 | K313: 88 | L313: 68 | M313: 87 | N313: =SUM(B313:M313) -> 583
A314: 1030222537595 | B314: 77 | C314: 89 | D314: 80 | E314: 71 | F314: 0 | G314: 0 | H314: 0 | I314: 0 | J314: 0 | K314: 0 | L314: 0 | M314: 0 | N314: =SUM(B314:M314) -> 317
A315: 1250000000000 | B315: 2 | C315: 16 | D315: 4 | E315: 14 | F315: 10 | G315: 27 | H315: 11 | I315: 44 | J315: 12 | K315: 34 | L315: 30 | M315: 75 | N315: =SUM(B315:M315) -> 279
A316: 1252324077058 | B316: 0 | C316: 0 | D316: 0 | E316: 0 | F316: 1 | G316: 3 | H316: 19 | I316: 44 | J316: 41 | K316: 98 | L316: 155 | M316: 148 | N316: =SUM(B316:M316) -> 509
A317: 1252324077057 | B317: 0 | C317: 0 | D317: 0 | E317: 0 | F317: 0 | G317: 0 | H317: 59 | I317: 35 | J317: 119 | K317: 94 | L317: 119 | M317: 98 | N317: =SUM(B317:M317) -> 524
A318: 1252324076504 | B318: 0 | C318: 0 | D318: 0 | E318: 0 | F318: 0 | G318: 0 | H318: 1 | I318: 2 | J318: 8 | K318: 1 | L318: 6 | M318: 8 | N318: =SUM(B318:M318) -> 26
A319: 1265134707671 | B319: 0 | C319: 0 | D319: 0 | E319: 0 | F319: 104 | G319: 82 | H319: 99 | I319: 79 | J319: 85 | K319: 79 | L319: 69 | M319: 75 | N319: =SUM(B319:M319) -> 672
A320: 1205220035261 | B320: 0 | C320: 0 | D320: 0 | E320: 0 | F320: 176 | G320: 214 | H320: 204 | I320: 174 | J320: 193 | K320: 212 | L320: 187 | M320: 207 | N320: =SUM(B320:M320) -> 1567
A321: 1205220033865 | B321: 77 | C321: 84 | D321: 91 | E321: 100 | F321: 0 | G321: 2 | H321: 0 | I321: 0 | J321: 0 | K321: 0 | L321: 0 | M321: 0 | N321: =SUM(B321:M321) -> 354
A322: 1205220037408 | B322: 93 | C322: 111 | D322: 96 | E322: 108 | F322: 0 | G322: 0 | H322: 0 | I322: 0 | J322: 0 | K322: 0 | L322: 0 | M322: 0 | N322: =SUM(B322:M322) -> 408
A323: 1205220033866 | B323: 0 | C323: 0 | D323: 1 | E323: 0 | F323: 0 | G323: 0 | H323: 0 | I323: 0 | J323: 0 | K323: 0 | L323: 0 | M323: 0 | N323: =SUM(B323:M323) -> 1
... A475: 1155030047468 | B475: 29 | C475: 37 | D475: 27 | E475: 34 | F475: 0 | G475: 0 | H475: 0 | I475: 0 | J475: 0 | K475: 0 | L475: 0 | M475: 0 | N475: =SUM(B475:M475) -> 127
A476: 1044329036125 | C476: 0 | E476: 0 | G476: 69 | I476: 80 | K476: 98 | M476: 109 | N476: =SUM(B476:M476) -> 356
A477: 1044329037316 | C477: 14 | E477: 41 | G477: 0 | I477: 0 | K477: 0 | M477: 0 | N477: =SUM(B477:M477) -> 55
A478: 1044329033145 | B478: 0 | C478: 0 | D478: 1 | E478: 0 | F478: 72 | G478: 74 | H478: 87 | I478: 85 | J478: 77 | K478: 97 | L478: 72 | M478: 102 | N478: =SUM(B478:M478) -> 667
A479: 1044329038202 | B479: 78 | C479: 74 | D479: 79 | E479: 83 | F479: 0 | G479: 0 | H479: 0 | I479: 0 | J479: 0 | K479: 0 | L479: 0 | M479: 0 | N479: =SUM(B479:M479) -> 314
A480: 1152225046330 | B480: 0 | C480: 0 | D480: 0 | E480: 0 | F480: 30 | G480: 44 | H480: 23 | I480: 41 | J480: 30 | K480: 51 | L480: 29 | M480: 32 | N480: =SUM(B480:M480) -> 280
A481: 1152225046331 | B481: 38 | C481: 38 | D481: 39 | E481: 50 | F481: 0 | G481: 0 | H481: 0 | I481: 0 | J481: 0 | K481: 0 | L481: 0 | M481: 0 | N481: =SUM(B481:M481) -> 165
A482: 1140635030808 | B482: 0 | C482: 0 | D482: 0 | E482: 1 | F482: 96 | G482: 84 | H482: 74 | I482: 109 | J482: 82 | K482: 86 | L482: 81 | M482: 95 | N482: =SUM(B482:M482) -> 708
A483: 1140635037447 | B483: 97 | C483: 90 | D483: 74 | E483: 84 | F483: 0 | G483: 0 | H483: 0 | I483: 0 | J483: 0 | K483: 0 | L483: 0 | M483: 0 | N483: =SUM(B483:M483) -> 345
A484: 1140635030809 | B484: 1 | C484: 0 | D484: 0 | E484: 0 | F484: 0 | G484: 0 | H484: 0 | I484: 0 | J484: 0 | K484: 1 | L484: 0 | M484: 0 | N484: =SUM(B484:M484) -> 2
A485: 1030246035190 | B485: 0 | C485: 0 | D485: 0 | E485: 0 | F485: 121 | G485: 119 | H485: 116 | I485: 136 | J485: 121 | K485: 143 | L485: 130 | M485: 125 | N485: =SUM(B485:M485) -> 1011
A486: 1030246030179 | B486: 124 | C486: 122 | D486: 131 | E486: 116 | F486: 0 | G486: 0 | H486: 0 | I486: 0 | J486: 0 | K486: 0 | L486: 0 | M486: 0 | N486: =SUM(B486:M486) -> 493
A487: 1184030032891 | B487: 95 | C487: 93 | D487: 82 | E487: 79 | F487: 78 | G487: 73 | H487: 77 | I487: 78 | J487: 71 | K487: 79 | L487: 61 | M487: 85 | N487: =SUM(B487:M487) -> 951
A488: 1126728034570 | B488: 62 | C488: 66 | D488: 67 | E488: 55 | F488: 2 | G488: 0 | H488: 0 | I488: 0 | J488: 0 | K488: 0 | L488: 0 | M488: 0 | N488: =SUM(B488:M488) -> 252
A489: 1126728034571 | B489: 0 | C489: 0 | D489: 0 | E489: 0 | F489: 52 | G489: 75 | H489: 63 | I489: 55 | J489: 56 | K489: 68 | L489: 58 | M489: 45 | N489: =SUM(B489:M489) -> 472
... A655: 1174142034828 | B655: 0 | C655: 0 | D655: 0 | E655: 0 | F655: 44 | G655: 81 | H655: 72 | I655: 61 | J655: 45 | K655: 69 | L655: 46 | M655: 56 | N655: =SUM(B655:M655) -> 474
A656: 1155099987149 | C656: 0 | E656: 1 | G656: 16 | I656: 17 | K656: 20 | M656: 35 | N656: =SUM(B656:M656) -> 89
A657: 1180000000000 | B657: 2 | C657: 16 | D657: 6 | E657: 18 | F657: 13 | G657: 27 | H657: 22 | I657: 35 | J657: 18 | K657: 45 | L657: 44 | M657: 77 | N657: =SUM(B657:M657) -> 323
A658: 1174148077291 | B658: 0 | C658: 0 | D658: 0 | E658: 0 | F658: 0 | G658: 0 | H658: 29 | I658: 67 | J658: 44 | K658: 59 | L658: 41 | M658: 61 | N658: =SUM(B658:M658) -> 301
A659: 1295445037012 | B659: 0 | C659: 0 | D659: 0 | E659: 0 | F659: 32 | G659: 48 | H659: 31 | I659: 51 | J659: 41 | K659: 50 | L659: 21 | M659: 43 | N659: =SUM(B659:M659) -> 317
A660: 1295445033902 | B660: 35 | C660: 28 | D660: 38 | E660: 46 | F660: 0 | G660: 0 | H660: 0 | I660: 0 | J660: 0 | K660: 0 | L660: 0 | M660: 0 | N660: =SUM(B660:M660) -> 147
A661: 1020230307549 | B661: 10 | C661: 13 | D661: 7 | E661: 12 | F661: 0 | G661: 0 | H661: 0 | I661: 0 | J661: 0 | K661: 0 | L661: 0 | M661: 0 | N661: =SUM(B661:M661) -> 42
A662: 1133644037953 | B662: 111 | C662: 133 | D662: 101 | E662: 96 | F662: 1 | G662: 3 | H662: 0 | I662: 0 | J662: 0 | K662: 0 | L662: 0 | M662: 0 | N662: =SUM(B662:M662) -> 445
A663: 1133644032618 | B663: 0 | C663: 0 | D663: 0 | E663: 0 | F663: 124 | G663: 140 | H663: 115 | I663: 139 | J663: 103 | K663: 132 | L663: 95 | M663: 101 | N663: =SUM(B663:M663) -> 949
A664: 1133645038246 | B664: 1 | C664: 0 | D664: 1 | E664: 1 | F664: 0 | G664: 0 | H664: 0 | I664: 0 | J664: 0 | K664: 0 | L664: 0 | M664: 0 | N664: =SUM(B664:M664) -> 3
A665: 1133645032623 | B665: 0 | C665: 0 | D665: 0 | E665: 0 | F665: 214 | G665: 243 | H665: 186 | I665: 252 | J665: 225 | K665: 226 | L665: 192 | M665: 205 | N665: =SUM(B665:M665) -> 1743
A666: 1133645035114 | B666: 219 | C666: 225 | D666: 215 | E666: 252 | F666: 0 | G666: 4 | H666: 0 | I666: 0 | J666: 0 | K666: 0 | L666: 0 | M666: 0 | N666: =SUM(B666:M666) -> 915
A667: 1265134807672 | B667: 42 | C667: 43 | D667: 44 | E667: 45 | F667: 74 | G667: 78 | H667: 78 | I667: 80 | J667: 65 | K667: 81 | L667: 64 | M667: 65 | N667: =SUM(B667:M667) -> 759
A668: 1283252032339 | B668: 51 | C668: 50 | D668: 53 | E668: 55 | F668: 47 | G668: 61 | H668: 53 | I668: 54 | J668: 47 | K668: 63 | L668: 48 | M668: 53 | N668: =SUM(B668:M668) -> 635
... A783: 1030268528305 | B783: 0 | C783: 0 | D783: 0 | E783: 0 | F783: 313 | G783: 346 | H783: 330 | I783: 358 | J783: 291 | K783: 354 | L783: 318 | M783: 355 | N783: =SUM(B783:M783) -> 2665
A784: 1164799987151 | C784: 0 | E784: 1 | G784: 9 | I784: 11 | K784: 13 | M784: 13 | N784: =SUM(B784:M784) -> 47
A785: 1061675041489 | B785: 32 | C785: 25 | D785: 14 | E785: 25 | F785: 21 | G785: 20 | H785: 26 | I785: 22 | J785: 13 | K785: 37 | L785: 23 | M785: 17 | N785: =SUM(B785:M785) -> 275
A786: 1052583036145 | B786: 0 | C786: 0 | D786: 0 | E786: 0 | F786: 50 | G786: 71 | H786: 69 | I786: 67 | J786: 65 | K786: 54 | L786: 65 | M786: 60 | N786: =SUM(B786:M786) -> 501
A787: 1052583037360 | B787: 51 | C787: 70 | D787: 67 | E787: 79 | F787: 1 | G787: 1 | H787: 0 | I787: 0 | J787: 0 | K787: 1 | L787: 0 | M787: 0 | N787: =SUM(B787:M787) -> 270
A788: 1030269026106 | B788: 158 | C788: 170 | D788: 155 | E788: 142 | F788: 0 | G788: 0 | H788: 0 | I788: 0 | J788: 0 | K788: 0 | L788: 0 | M788: 0 | N788: =SUM(B788:M788) -> 625
A789: 1030269027101 | B789: 0 | C789: 0 | D789: 0 | E789: 0 | F789: 154 | G789: 136 | H789: 173 | I789: 164 | J789: 184 | K789: 182 | L789: 198 | M789: 199 | N789: =SUM(B789:M789) -> 1390
A790: 1234655074958 | B790: 0 | C790: 0 | D790: 0 | E790: 0 | F790: 85 | G790: 114 | H790: 118 | I790: 169 | J790: 79 | K790: 171 | L790: 80 | M790: 154 | N790: =SUM(B790:M790) -> 970
A791: 1234657025345 | B791: 0 | C791: 0 | D791: 0 | E791: 0 | F791: 0 | G791: 0 | H791: 540 | I791: 535 | J791: 489 | K791: 488 | L791: 537 | M791: 569 | N791: =SUM(B791:M791) -> 3158
A792: 1234657023322 | B792: 119 | C792: 150 | D792: 140 | E792: 143 | F792: 125 | G792: 161 | H792: 0 | I792: 0 | J792: 0 | K792: 0 | L792: 0 | M792: 0 | N792: =SUM(B792:M792) -> 838
A793: 1234657023324 | B793: 185 | C793: 216 | D793: 165 | E793: 202 | F793: 221 | G793: 244 | H793: 0 | I793: 0 | J793: 0 | K793: 0 | L793: 0 | M793: 0 | N793: =SUM(B793:M793) -> 1233
A794: 1234657023323 | B794: 137 | C794: 138 | D794: 135 | E794: 138 | F794: 127 | G794: 135 | H794: 0 | I794: 0 | J794: 0 | K794: 0 | L794: 0 | M794: 0 | N794: =SUM(B794:M794) -> 810
A795: 1193565032446 | B795: 0 | C795: 0 | D795: 0 | E795: 0 | F795: 94 | G795: 125 | H795: 124 | I795: 127 | J795: 110 | K795: 118 | L795: 100 | M795: 118 | N795: =SUM(B795:M795) -> 916
A796: 1193565038099 | B796: 0 | C796: 2 | D796: 1 | E796: 0 | F796: 0 | G796: 0 | H796: 0 | I796: 0 | J796: 0 | K796: 0 | L796: 0 | M796: 0 | N796: =SUM(B796:M796) -> 3
... A959: 1265150013625 | B959: 18 | C959: 7 | D959: 6 | E959: 11 | F959: 0 | G959: 0 | H959: 0 | I959: 0 | J959: 0 | K959: 0 | L959: 0 | M959: 0 | N959: =SUM(B959:M959) -> 42
A960: 1265150013843 | B960: 0 | D960: 0 | F960: 293 | H960: 296 | J960: 248 | L960: 210 | N960: =SUM(B960:M960) -> 1047
A961: 1265150014726 | B961: 52 | C961: 42 | D961: 49 | E961: 45 | F961: 0 | G961: 0 | H961: 0 | I961: 0 | J961: 0 | K961: 0 | L961: 0 | M961: 0 | N961: =SUM(B961:M961) -> 188
A962: 1265150015186 | B962: 24 | C962: 25 | D962: 30 | E962: 21 | F962: 0 | G962: 0 | H962: 0 | I962: 0 | J962: 0 | K962: 0 | L962: 0 | M962: 0 | N962: =SUM(B962:M962) -> 100
A963: 1265150015185 | B963: 33 | C963: 45 | D963: 36 | E963: 28 | F963: 0 | G963: 0 | H963: 0 | I963: 0 | J963: 0 | K963: 0 | L963: 0 | M963: 0 | N963: =SUM(B963:M963) -> 142
A964: 1265150017242 | B964: 104 | C964: 140 | D964: 104 | E964: 114 | F964: 0 | G964: 0 | H964: 0 | I964: 0 | J964: 0 | K964: 0 | L964: 0 | M964: 0 | N964: =SUM(B964:M964) -> 462
A965: 1265150016528 | B965: 23 | C965: 30 | D965: 20 | E965: 20 | F965: 0 | G965: 0 | H965: 0 | I965: 0 | J965: 0 | K965: 0 | L965: 0 | M965: 0 | N965: =SUM(B965:M965) -> 93
A966: 1265150015125 | B966: 20 | C966: 31 | D966: 19 | E966: 15 | F966: 0 | G966: 0 | H966: 0 | I966: 0 | J966: 0 | K966: 0 | L966: 0 | M966: 0 | N966: =SUM(B966:M966) -> 85
A967: 1265150013712 | B967: 29 | C967: 19 | D967: 24 | E967: 22 | F967: 0 | G967: 0 | H967: 0 | I967: 0 | J967: 0 | K967: 0 | L967: 0 | M967: 0 | N967: =SUM(B967:M967) -> 94
A968: 1265150015187 | B968: 19 | C968: 23 | D968: 22 | E968: 20 | F968: 0 | G968: 0 | H968: 0 | I968: 0 | J968: 0 | K968: 0 | L968: 0 | M968: 0 | N968: =SUM(B968:M968) -> 84
A969: 1265150017229 | B969: 45 | C969: 76 | D969: 65 | E969: 81 | F969: 23 | G969: 46 | H969: 43 | I969: 59 | J969: 50 | K969: 53 | L969: 31 | M969: 27 | N969: =SUM(B969:M969) -> 599
A970: 1265150013742 | B970: 54 | C970: 41 | D970: 44 | E970: 45 | F970: 0 | G970: 0 | H970: 0 | I970: 0 | J970: 0 | K970: 0 | L970: 0 | M970: 0 | N970: =SUM(B970:M970) -> 184
A971: 1265150013713 | B971: 31 | C971: 41 | D971: 21 | E971: 30 | F971: 0 | G971: 0 | H971: 0 | I971: 0 | J971: 0 | K971: 0 | L971: 0 | M971: 0 | N971: =SUM(B971:M971) -> 123
A972: 1265150013693 | B972: 31 | C972: 32 | D972: 29 | E972: 26 | F972: 0 | G972: 0 | H972: 0 | I972: 0 | J972: 0 | K972: 0 | L972: 0 | M972: 0 | N972: =SUM(B972:M972) -> 118
...

Sheet Race Data
B1: 06/2017 File
B2: 1 | C2: 2 | D2: 3 | E2: 4 | F2: 5 | G2: 6 | H2: 7 | I2: 8 | J2: 9 | K2: 10 | L2: 11 | M2: 12 | N2: 13 | O2: 14
B3: KEY | C3: AUN | D3: LEA | E3: School | F3: Bld # | G3: Gender | H3: American Indian/Alaskan Native | I3: Black/African American (Not Hispanic) | J3: Hispanic (Any Race) | K3: White/Caucasian (Not Hispanic) | L3: Multi-Racial (Not Hispanic) | M3: Asian (Not Hispanic) | N3: Native Hawaiian or Other Pacific Islander (Not Hispanic) | O3: Total
B4: =C4&F4&G4 -> 1241500027691Female | C4: 124150002 | D4: 21st Century Cyber CS | E4: 21st Century Cyber CS | F4: 7691 | G4: Female | H4: * | I4: 48 | J4: 38 | K4: 438 | L4: 30 | M4: * | N4: * | O4: 565 | Q4: Per: A McCann 06/2017
B5: =C5&F5&G5 -> 1241500027691Male | C5: 124150002 | D5: 21st Century Cyber CS | E5: 21st Century Cyber CS | F5: 7691 | G5: Male | H5: * | I5: 35 | J5: 20 | K5: 274 | L5: 14 | M5: * | N5: 0 | O5: 351
B6: =C6&F6&G6 -> 1241500027691Total | C6: 124150002 | D6: 21st Century Cyber CS | E6: 21st Century Cyber CS | F6: =F5 -> 7691 | G6: Total | H6: * | I6: 83 | J6: 58 | K6: 712 | L6: 44 | M6: 15 | N6: * | O6: 916
B7: =C7&F7&G7 -> 1030204075273Female | C7: 103020407 | D7: A W Beattie Career Center | E7: A W Beattie Career Center | F7: 5273 | G7: Female | H7: * | I7: 18 | J7: * | K7: 282 | L7: * | M7: * | N7: * | O7: 315
B8: =C8&F8&G8 -> 1030204075273Male | C8: 103020407 | D8: A W Beattie Career Center | E8: A W Beattie Career Center | F8: 5273 | G8: Male | H8: 0 | I8: * | J8: * | K8: 347 | L8: * | M8: * | N8: * | O8: 361
B9: =C9&F9&G9 -> 1030204075273Total | C9: 103020407 | D9: A W Beattie Career Center | E9: A W Beattie Career Center | F9: =F8 -> 5273 | G9: Total | H9: * | I9: * | J9: * | K9: 629 | L9: * | M9: * | N9: * | O9: 676
B10: =C10&F10&G10 -> 1193503035091Female | C10: 119350303 | D10: Abington Heights SD | E10: Abington Heights HS | F10: 5091 | G10: Female | H10: * | I10: * | J10: 11 | K10: 447 | L10: * | M10: 19 | N10: 0 | O10: 488
B11: =C11&F11&G11 -> 1193503035091Male | C11: 119350303 | D11: Abington Heights SD | E11: Abington Heights HS | F11: 5091 | G11: Male | H11: * | I11: * | J11: * | K11: 510 | L11: * | M11: 24 | N11: 0 | O11: 554
B12: =C12&F12&G12 -> 1193503035091Total | C12: 119350303 | D12: Abington Heights SD | E12: Abington Heights HS | F12: =F11 -> 5091 | G12: Total | H12: * | I12: 17 | J12: * | K12: 957 | L12: * | M12: 43 | N12: 0 | O12: 1042
B13: =C13&F13&G13 -> 1193503036839Female | C13: 119350303 | D13: Abington Heights SD | E13: Abington Heights MS | F13: 6839 | G13: Female | H13: 0 | I13: * | J13: * | K13: 218 | L13: * | M13: 12 | N13: 0 | O13: 241
B14: =C14&F14&G14 -> 1193503036839Male | C14: 119350303 | D14: Abington Heights SD | E14: Abington Heights MS | F14: 6839 | G14: Male | H14: 0 | I14: * | J14: * | K14: 263 | L14: * | M14: 11 | N14: 0 | O14: 288
B15: =C15&F15&G15 -> 1193503036839Total | C15: 119350303 | D15: Abington Heights SD | E15: Abington Heights MS | F15: =F14 -> 6839 | G15: Total | H15: 0 | I15: 13 | J15: * | K15: 481 | L15: * | M15: 23 | N15: 0 | O15: 529
B16: =C16&F16&G16 -> 1234603023242Female | C16: 123460302 | D16: Abington SD | E16: Abington JHS | F16: 3242 | G16: Female | H16: * | I16: 189 | J16: 69 | K16: 570 | L16: * | M16: 41 | N16: 0 | O16: 905
B17: =C17&F17&G17 -> 1234603023242Male | C17: 123460302 | D17: Abington SD | E17: Abington JHS | F17: 3242 | G17: Male | H17: 0 | I17: 196 | J17: 70 | K17: 606 | L17: 40 | M17: * | N17: * | O17: 950
B18: =C18&F18&G18 -> 1234603023242Total | C18: 123460302 | D18: Abington SD | E18: Abington JHS | F18: =F17 -> 3242 | G18: Total | H18: * | I18: 385 | J18: 139 | K18: 1176 | L18: * | M18: * | N18: * | O18: 1855
B19: =C19&F19&G19 -> 1234603023241Female | C19: 123460302 | D19: Abington SD | E19: Abington SHS | F19: 3241 | G19: Female | H19: * | I19: 178 | J19: 57 | K19: 529 | L19: * | M19: 28 | N19: 0 | O19: 818
B20: =C20&F20&G20 -> 1234603023241Male | C20: 123460302 | D20: Abington SD | E20: Abington SHS | F20: 3241 | G20: Male | H20: 0 | I20: 212 | J20: 58 | K20: 577 | L20: 36 | M20: 47 | N20: 0 | O20: 930
B21: =C21&F21&G21 -> 1234603023241Total | C21: 123460302 | D21: Abington SD | E21: Abington SHS | F21: =F20 -> 3241 | G21: Total | H21: * | I21: 390 | J21: 115 | K21: 1106 | L21: * | M21: 75 | N21: 0 | O21: 1748
B22: =C22&F22&G22 -> 1020200037846Female | C22: 102020003 | D22: Academy CS | E22: Academy CS | F22: 7846 | G22: Female | H22: 0 | I22: * | J22: 0 | K22: * | L22: 0 | M22: 0 | N22: 0 | O22: 23
B23: =C23&F23&G23 -> 1020200037846Male | C23: 102020003 | D23: Academy CS | E23: Academy CS | F23: 7846 | G23: Male | H23: 0 | I23: 71 | J23: * | K23: 12 | L23: * | M23: 0 | N23: 0 | O23: 87
B24: =C24&F24&G24 -> 1020200037846Total | C24: 102020003 | D24: Academy CS | E24: Academy CS | F24: =F23 -> 7846 | G24: Total | H24: 0 | I24: * | J24: * | K24: * | L24: * | M24: 0 | N24: 0 | O24: 110
B25: =C25&F25&G25 -> 1252300017824Female | C25: 125230001 | D25: Achievement House CS | E25: Achievement House CS | F25: 7824 | G25: Female | H25: * | I25: 45 | J25: 52 | K25: 138 | L25: * | M25: 0 | N25: 0 | O25: 258
B26: =C26&F26&G26 -> 1252300017824Male | C26: 125230001 | D26: Achievement House CS | E26: Achievement House CS | F26: 7824 | G26: Male | H26: 0 | I26: 46 | J26: 46 | K26: 92 | L26: * | M26: 0 | N26: * | O26: 200
B27: =C27&F27&G27 -> 1252300017824Total | C27: 125230001 | D27: Achievement House CS | E27: Achievement House CS | F27: =F26 -> 7824 | G27: Total | H27: * | I27: 91 | J27: 98 | K27: 230 | L27: 35 | M27: 0 | N27: * | O27: 458
B28: =C28&F28&G28 -> 1265143688217Female | C28: 126514368 | D28: ACT Academy Cyber CS | E28: ACT Academy Cyber CS | F28: 8217 | G28: Female | H28: 0 | I28: 74 | J28: * | K28: * | L28: 0 | M28: 0 | N28: 0 | O28: 78
B29: =C29&F29&G29 -> 1265143688217Male | C29: 126514368 | D29: ACT Academy Cyber CS | E29: ACT Academy Cyber CS | F29: 8217 | G29: Male | H29: 0 | I29: 58 | J29: * | K29: * | L29: 0 | M29: 0 | N29: 0 | O29: 68
B30: =C30&F30&G30 -> 1265143688217Total | C30: 126514368 | D30: ACT Academy Cyber CS | E30: ACT Academy Cyber CS | F30: =F29 -> 8217 | G30: Total | H30: 0 | I30: 132 | J30: * | K30: * | L30: 0 | M30: 0 | N30: 0 | O30: 146
B31: =C31&F31&G31 -> 1265100157825Female | C31: 126510015 | D31: Ad Prima CS | E31: Ad Prima CS | F31: 7825 | G31: Female | H31: 0 | I31: 55 | J31: * | K31: * | L31: * | M31: 0 | N31: 0 | O31: 65
B32: =C32&F32&G32 -> 1265100157825Male | C32: 126510015 | D32: Ad Prima CS | E32: Ad Prima CS | F32: 7825 | G32: Male | H32: 0 | I32: 26 | J32: * | K32: * | L32: * | M32: 0 | N32: 0 | O32: 38
B33: =C33&F33&G33 -> 1265100157825Total | C33: 126510015 | D33: Ad Prima CS | E33: Ad Prima CS | F33: =F32 -> 7825 | G33: Total | H33: 0 | I33: 81 | J33: 13 | K33: * | L33: * | M33: 0 | N33: 0 | O33: 103
B34: =C34&F34&G34 -> 1081103076661Female | C34: 108110307 | D34: Admiral Peary AVTS | E34: Admiral Peary AVTS | F34: 6661 | G34: Female | H34: 0 | I34: * | J34: 0 | K34: * | L34: 0 | M34: 0 | N34: 0 | O34: 162
B35: =C35&F35&G35 -> 1081103076661Male | C35: 108110307 | D35: Admiral Peary AVTS | E35: Admiral Peary AVTS | F35: 6661 | G35: Male | H35: 0 | I35: * | J35: 0 | K35: * | L35: * | M35: 0 | N35: 0 | O35: 332
B36: =C36&F36&G36 -> 1081103076661Total | C36: 108110307 | D36: Admiral Peary AVTS | E36: Admiral Peary AVTS | F36: =F35 -> 6661 | G36: Total | H36: 0 | I36: * | J36: 0 | K36: 489 | L36: * | M36: 0 | N36: 0 | O36: 494
B37: =C37&F37&G37 -> 1265100207858Female | C37: 126510020 | D37: Agora Cyber CS | E37: Agora Cyber CS | F37: 7858 | G37: Female | H37: * | I37: 560 | J37: 214 | K37: 1241 | L37: 21 | M37: 26 | N37: * | O37: 2078
B38: =C38&F38&G38 -> 1265100207858Male | C38: 126510020 | D38: Agora Cyber CS | E38: Agora Cyber CS | F38: 7858 | G38: Male | H38: * | I38: 486 | J38: 159 | K38: 1250 | L38: 25 | M38: * | N38: * | O38: 1935
B39: =C39&F39&G39 -> 1265100207858Total | C39: 126510020 | D39: Agora Cyber CS | E39: Agora Cyber CS | F39: =F38 -> 7858 | G39: Total | H39: * | I39: 1046 | J39: 373 | K39: 2491 | L39: 46 | M39: * | N39: * | O39: 4013
B40: =C40&F40&G40 -> 1012603036001Female | C40: 101260303 | D40: Albert Gallatin Area SD | E40: Albert Gallatin Area SHS | F40: 6001 | G40: Female | H40: 0 | I40: 21 | J40: * | K40: 490 | L40: * | M40: 0 | N40: * | O40: 527
B41: =C41&F41&G41 -> 1012603036001Male | C41: 101260303 | D41: Albert Gallatin Area SD | E41: Albert Gallatin Area SHS | F41: 6001 | G41: Male | H41: 0 | I41: 26 | J41: * | K41: 536 | L41: * | M41: 0 | N41: 0 | O41: 573
B42: =C42&F42&G42 -> 1012603036001Total | C42: 101260303 | D42: Albert Gallatin Area SD | E42: Albert Gallatin Area SHS | F42: =F41 -> 6001 | G42: Total | H42: 0 | I42: 47 | J42: * | K42: 1026 | L42: 17 | M42: 0 | N42: * | O42: 1100
B43: =C43&F43&G43 -> 1012603037607Female | C43: 101260303 | D43: Albert Gallatin Area SD | E43: Albert Gallatin North MS | F43: 7607 | G43: Female | H43: * | I43: * | J43: * | K43: 117 | L43: * | M43: 0 | N43: 0 | O43: 127
B44: =C44&F44&G44 -> 1012603037607Male | C44: 101260303 | D44: Albert Gallatin Area SD | E44: Albert Gallatin North MS | F44: 7607 | G44: Male | H44: 0 | I44: * | J44: 0 | K44: 133 | L44: * | M44: 0 | N44: 0 | O44: 142
B45: =C45&F45&G45 -> 1012603037607Total | C45: 101260303 | D45: Albert Gallatin Area SD | E45: Albert Gallatin North MS | F45: =F44 -> 7607 | G45: Total | H45: * | I45: 12 | J45: * | K45: 250 | L45: * | M45: 0 | N45: 0 | O45: 269
B46: =C46&F46&G46 -> 1012603037608Female | C46: 101260303 | D46: Albert Gallatin Area SD | E46: Albert Gallatin South MS | F46: 7608 | G46: Female | H46: 0 | I46: * | J46: 0 | K46: 113 | L46: * | M46: 0 | N46: 0 | O46: 122
B47: =C47&F47&G47 -> 1012603037608Male | C47: 101260303 | D47: Albert Gallatin Area SD | E47: Albert Gallatin South MS | F47: 7608 | G47: Male | H47: 0 | I47: * | J47: * | K47: 120 | L47: * | M47: 0 | N47: * | O47: 131
B48: =C48&F48&G48 -> 1012603037608Total | C48: 101260303 | D48: Albert Gallatin Area SD | E48: Albert Gallatin South MS | F48: =F47 -> 7608 | G48: Total | H48: 0 | I48: * | J48: * | K48: 233 | L48: * | M48: 0 | N48: * | O48: 253
B49: =C49&F49&G49 -> 1270405038086Female | C49: 127040503 | D49: Aliquippa SD | E49: Aliquippa JSHS | F49: 8086 | G49: Female | H49: 0 | I49: 160 | J49: * | K49: 34 | L49: * | M49: 0 | N49: 0 | O49: 210
B50: =C50&F50&G50 -> 1270405038086Male | C50: 127040503 | D50: Aliquippa SD | E50: Aliquippa JSHS | F50: 8086 | G50: Male | H50: 0 | I50: 177 | J50: 0 | K50: * | L50: * | M50: 0 | N50: 0 | O50: 232
B51: =C51&F51&G51 -> 1270405038086Total | C51: 127040503 | D51: Aliquippa SD | E51: Aliquippa JSHS | F51: =F50 -> 8086 | G51: Total | H51: 0 | I51: 337 | J51: * | K51: * | L51: * | M51: 0 | N51: 0 | O51: 442
B52: =C52&F52&G52 -> 1030206030029Female | C52: 103020603 | D52: Allegheny Valley SD | E52: Springdale JSHS | F52: 0029 | G52: Female | H52: 0 | I52: * | J52: * | K52: 205 | L52: * | M52: 0 | N52: 0 | O52: 211
B53: =C53&F53&G53 -> 1030206030029Male | C53: 103020603 | D53: Allegheny Valley SD | E53: Springdale JSHS | F53: 0029 | G53: Male | H53: 0 | I53: * | J53: 0 | K53: 227 | L53: * | M53: * | N53: 0 | O53: 239
B54: =C54&F54&G54 -> 1030206030029Total | C54: 103020603 | D54: Allegheny Valley SD | E54: Springdale JSHS | F54: =F53 -> 0029 | G54: Total | H54: 0 | I54: * | J54: * | K54: 432 | L54: * | M54: * | N54: 0 | O54: 450
B55: =C55&F55&G55 -> 1061603034664Female | C55: 106160303 | D55: Allegheny-Clarion Valley SD | E55: Allegheny-Clarion Valley HS | F55: 4664 | G55: Female | H55: * | I55: * | J55: * | K55: 156 | L55: * | M55: * | N55: 0 | O55: 165
B56: =C56&F56&G56 -> 1061603034664Male | C56: 106160303 | D56: Allegheny-Clarion Valley SD | E56: Allegheny-Clarion Valley HS | F56: 4664 | G56: Male | H56: 0 | I56: * | J56: * | K56: 160 | L56: * | M56: 0 | N56: * | O56: 165
B57: =C57&F57&G57 -> 1061603034664Total | C57: 106160303 | D57: Allegheny-Clarion Valley SD | E57: Allegheny-Clarion Valley HS | F57: =F56 -> 4664 | G57: Total | H57: * | I57: * | J57: * | K57: 316 | L57: * | M57: * | N57: * | O57: 330
B58: =C58&F58&G58 -> 1213903028341Female | C58: 121390302 | D58: Allentown City SD | E58: Building 21 Allentown | F58: 8341 | G58: Female | H58: 0 | I58: 18 | J58: 108 | K58: * | L58: * | M58: 0 | N58: 0 | O58: 137
B59: =C59&F59&G59 -> 1213903028341Male | C59: 121390302 | D59: Allentown City SD | E59: Building 21 Allentown | F59: 8341 | G59: Male | H59: 0 | I59: 31 | J59: 84 | K59: * | L59: * | M59: * | N59: 0 | O59: 141
B60: =C60&F60&G60 -> 1213903028341Total | C60: 121390302 | D60: Allentown City SD | E60: Building 21 Allentown | F60: =F59 -> 8341 | G60: Total | H60: 0 | I60: 49 | J60: 192 | K60: 34 | L60: * | M60: * | N60: 0 | O60: 278
B61: =C61&F61&G61 -> 1213903022792Female | C61: 121390302 | D61: Allentown City SD | E61: Francis D Raub MS | F61: 2792 | G61: Female | H61: 0 | I61: 54 | J61: 188 | K61: 25 | L61: * | M61: * | N61: * | O61: 273
B62: =C62&F62&G62 -> 1213903022792Male | C62: 121390302 | D62: Allentown City SD | E62: Francis D Raub MS | F62: 2792 | G62: Male | H62: 0 | I62: 50 | J62: 240 | K62: 15 | L62: * | M62: * | N62: 0 | O62: 316
B63: =C63&F63&G63 -> 1213903022792Total | C63: 121390302 | D63: Allentown City SD | E63: Francis D Raub MS | F63: =F62 -> 2792 | G63: Total | H63: 0 | I63: 104 | J63: 428 | K63: 40 | L63: * | M63: 11 | N63: * | O63: 589
B64: =C64&F64&G64 -> 1213903022791Female | C64: 121390302 | D64: Allentown City SD | E64: Harrison-Morton MS | F64: 2791 | G64: Female | H64: 0 | I64: * | J64: 156 | K64: 41 | L64: 0 | M64: 0 | N64: * | O64: 228
B65: =C65&F65&G65 -> 1213903022791Male | C65: 121390302 | D65: Allentown City SD | E65: Harrison-Morton MS | F65: 2791 | G65: Male | H65: * | I65: 51 | J65: 210 | K65: 34 | L65: * | M65: * | N65: * | O65: 303
B66: =C66&F66&G66 -> 1213903022791Total | C66: 121390302 | D66: Allentown City SD | E66: Harrison-Morton MS | F66: =F65 -> 2791 | G66: Total | H66: * | I66: * | J66: 366 | K66: 75 | L66: * | M66: * | N66: * | O66: 531
B67: =C67&F67&G67 -> 1213903022795Female | C67: 121390302 | D67: Allentown City SD | E67: Louis E Dieruff HS | F67: 2795 | G67: Female | H67: 0 | I67: 114 | J67: 649 | K67: 130 | L67: * | M67: 15 | N67: * | O67: 916
B68: =C68&F68&G68 -> 1213903022795Male | C68: 121390302 | D68: Allentown City SD | E68: Louis E Dieruff HS | F68: 2795 | G68: Male | H68: * | I68: 132 | J68: 676 | K68: 148 | L68: * | M68: 14 | N68: 0 | O68: 978
B69: =C69&F69&G69 -> 1213903022795Total | C69: 121390302 | D69: Allentown City SD | E69: Louis E Dieruff HS | F69: =F68 -> 2795 | G69: Total | H69: * | I69: 246 | J69: 1325 | K69: 278 | L69: 12 | M69: 29 | N69: * | O69: 1894
B70: =C70&F70&G70 -> 1213903022793Female | C70: 121390302 | D70: Allentown City SD | E70: South Mountain MS | F70: 2793 | G70: Female | H70: 0 | I70: 44 | J70: 226 | K70: 33 | L70: * | M70: * | N70: * | O70: 310
B71: =C71&F71&G71 -> 1213903022793Male | C71: 121390302 | D71: Allentown City SD | E71: South Mountain MS | F71: 2793 | G71: Male | H71: 0 | I71: 49 | J71: 239 | K71: 41 | L71: * | M71: * | N71: 0 | O71: 339
B72: =C72&F72&G72 -> 1213903022793Total | C72: 121390302 | D72: Allentown City SD | E72: South Mountain MS | F72: =F71 -> 2793 | G72: Total | H72: 0 | I72: 93 | J72: 465 | K72: 74 | L72: * | M72: * | N72: * | O72: 649
B73: =C73&F73&G73 -> 1213903024929Female | C73: 121390302 | D73: Allentown City SD | E73: Trexler MS | F73: 4929 | G73: Female | H73: 0 | I73: 41 | J73: 156 | K73: 25 | L73: * | M73: * | N73: 0 | O73: 227
B74: =C74&F74&G74 -> 1213903024929Male | C74: 121390302 | D74: Allentown City SD | E74: Trexler MS | F74: 4929 | G74: Male | H74: 0 | I74: 38 | J74: 192 | K74: 31 | L74: * | M74: * | N74: * | O74: 265
B75: =C75&F75&G75 -> 1213903024929Total | C75: 121390302 | D75: Allentown City SD | E75: Trexler MS | F75: =F74 -> 4929 | G75: Total | H75: 0 | I75: 79 | J75: 348 | K75: 56 | L75: * | M75: * | N75: * | O75: 492
B76: =C76&F76&G76 -> 1213903022794Female | C76: 121390302 | D76: Allentown City SD | E76: William Allen HS | F76: 2794 | G76: Female | H76: * | I76: 254 | J76: 950 | K76: 124 | L76: * | M76: 21 | N76: 0 | O76: 1356
B77: =C77&F77&G77 -> 1213903022794Male | C77: 121390302 | D77: Allentown City SD | E77: William Allen HS | F77: 2794 | G77: Male | H77: * | I77: 269 | J77: 1106 | K77: 159 | L77: * | M77: 20 | N77: 0 | O77: 1562
B78: =C78&F78&G78 -> 1213903022794Total | C78: 121390302 | D78: Allentown City SD | E78: William Allen HS | F78: =F77 -> 2794 | G78: Total | H78: * | I78: 523 | J78: 2056 | K78: 283 | L78: * | M78: 41 | N78: 0 | O78: 2918
B79: =C79&F79&G79 -> 1265129907543Female | C79: 126512990 | D79: Alliance for Progress CS | E79: Alliance for Progress CS | F79: 7543 | G79: Female | H79: 0 | I79: * | J79: 0 | K79: * | L79: 0 | M79: 0 | N79: 0 | O79: 50
B80: =C80&F80&G80 -> 1265129907543Male | C80: 126512990 | D80: Alliance for Progress CS | E80: Alliance for Progress CS | F80: 7543 | G80: Male | H80: 0 | I80: * | J80: * | K80: 0 | L80: 0 | M80: 0 | N80: 0 | O80: 44
B81: =C81&F81&G81 -> 1265129907543Total | C81: 126512990 | D81: Alliance for Progress CS | E81: Alliance for Progress CS | F81: =F80 -> 7543 | G81: Total | H81: 0 | I81: * | J81: * | K81: * | L81: 0 | M81: 0 | N81: 0 | O81: 94
B82: =C82&F82&G82 -> 1080705020913Female | C82: 108070502 | D82: Altoona Area SD | E82: Altoona Area HS | F82: 0913 | G82: Female | H82: 0 | I82: 75 | J82: 12 | K82: 791 | L82: 0 | M82: * | N82: * | O82: 884
B83: =C83&F83&G83 -> 1080705020913Male | C83: 108070502 | D83: Altoona Area SD | E83: Altoona Area HS | F83: 0913 | G83: Male | H83: 0 | I83: 67 | J83: * | K83: 809 | L83: 0 | M83: * | N83: 0 | O83: 890
B84: =C84&F84&G84 -> 1080705020913Total | C84: 108070502 | D84: Altoona Area SD | E84: Altoona Area HS | F84: =F83 -> 0913 | G84: Total | H84: 0 | I84: 142 | J84: * | K84: 1600 | L84: 0 | M84: * | N84: * | O84: 1774
B85: =C85&F85&G85 -> 1080705027986Female | C85: 108070502 | D85: Altoona Area SD | E85: Altoona Area Jr HS | F85: 7986 | G85: Female | H85: * | I85: 66 | J85: * | K85: 777 | L85: 0 | M85: * | N85: 0 | O85: 859
B86: =C86&F86&G86 -> 1080705027986Male | C86: 108070502 | D86: Altoona Area SD | E86: Altoona Area Jr HS | F86: 7986 | G86: Male | H86: * | I86: 80 | J86: 20 | K86: 836 | L86: * | M86: * | N86: 0 | O86: 946
B87: =C87&F87&G87 -> 1080705027986Total | C87: 108070502 | D87: Altoona Area SD | E87: Altoona Area Jr HS | F87: =F86 -> 7986 | G87: Total | H87: * | I87: 146 | J87: * | K87: 1613 | L87: * | M87: 13 | N87: 0 | O87: 1805
B88: =C88&F88&G88 -> 1080705027425Female | C88: 108070502 | D88: Altoona Area SD | E88: Kimmel Alternative School | F88: 7425 | G88: Female | H88: 0 | I88: 0 | J88: * | K88: * | L88: 0 | M88: 0 | N88: 0 | O88: *
B89: =C89&F89&G89 -> 1080705027425Male | C89: 108070502 | D89: Altoona Area SD | E89: Kimmel Alternative School | F89: 7425 | G89: Male | H89: 0 | I89: * | J89: 0 | K89: 11 | L89: * | M89: 0 | N89: 0 | O89: 16
B90: =C90&F90&G90 -> 1080705027425Total | C90: 108070502 | D90: Altoona Area SD | E90: Kimmel Alternative School | F90: =F89 -> 7425 | G90: Total | H90: 0 | I90: * | J90: * | K90: * | L90: * | M90: 0 | N90: 0 | O90: *
B91: =C91&F91&G91 -> 1270407036555Female | C91: 127040703 | D91: Ambridge Area SD | E91: Ambridge Area HS | F91: 6555 | G91: Female | H91: 0 | I91: 44 | J91: * | K91: 304 | L91: * | M91: * | N91: * | O91: 363
B92: =C92&F92&G92 -> 1270407036555Male | C92: 127040703 | D92: Ambridge Area SD | E92: Ambridge Area HS | F92: 6555 | G92: Male | H92: 0 | I92: 57 | J92: * | K92: 341 | L92: * | M92: * | N92: * | O92: 416
B93: =C93&F93&G93 -> 1270407036555Total | C93: 127040703 | D93: Ambridge Area SD | E93: Ambridge Area HS | F93: =F92 -> 6555 | G93: Total | H93: 0 | I93: 101 | J93: 11 | K93: 645 | L93: 18 | M93: * | N93: * | O93: 779
B94: =C94&F94&G94 -> 1270407030633Female | C94: 127040703 | D94: Ambridge Area SD | E94: Ambridge Area JHS | F94: 0633 | G94: Female | H94: 0 | I94: 34 | J94: * | K94: 142 | L94: * | M94: * | N94: 0 | O94: 186
B95: =C95&F95&G95 -> 1270407030633Male | C95: 127040703 | D95: Ambridge Area SD | E95: Ambridge Area JHS | F95: 0633 | G95: Male | H95: * | I95: 31 | J95: * | K95: 164 | L95: * | M95: * | N95: * | O95: 206
B96: =C96&F96&G96 -> 1270407030633Total | C96: 127040703 | D96: Ambridge Area SD | E96: Ambridge Area JHS | F96: =F95 -> 0633 | G96: Total | H96: * | I96: 65 | J96: * | K96: 306 | L96: * | M96: * | N96: * | O96: 392
B97: =C97&F97&G97 -> 1133803032725Female | C97: 113380303 | D97: Annville-Cleona SD | E97: Annville Cleona HS | F97: 2725 | G97: Female | H97: 0 | I97: * | J97: 12 | K97: 195 | L97: * | M97: * | N97: 0 | O97: 218
B98: =C98&F98&G98 -> 1133803032725Male | C98: 113380303 | D98: Annville-Cleona SD | E98: Annville Cleona HS | F98: 2725 | G98: Male | H98: 0 | I98: * | J98: * | K98: 247 | L98: * | M98: * | N98: 0 | O98: 267
B99: =C99&F99&G99 -> 1133803032725Total | C99: 113380303 | D99: Annville-Cleona SD | E99: Annville Cleona HS | F99: =F98 -> 2725 | G99: Total | H99: 0 | I99: * | J99: * | K99: 442 | L99: * | M99: 11 | N99: 0 | O99: 485
B100: =C100&F100&G100 -> 1133803038178Female | C100: 113380303 | D100: Annville-Cleona SD | E100: Annville-Cleona MS | F100: 8178 | G100: Female | H100: 0 | I100: * | J100: * | K100: 87 | L100: 0 | M100: * | N100: 0 | O100: 93
...
